Workbook

Sheet Atención Cliente
G1: RIESGO INHERENTE | M1: Valoración Riesgo Residual (Probabilidad) | AH1: Valoración Riesgo Residual (impacto) | BD1: Valor Riesgo Residual | BF1: PLAN DE TRATAMIENTO
A2: Proceso | B2: Clase | C2: Causas | D2: Riesgo | F2: Consecuencia | G2: Probabilidad | I2: Impacto | K2: Valor del Riesgo | M2: Controles preventivos | N2: Documento | Q2: Responsable | T2: Tipo (M/A) | V2: Fercuencia (Adecuada) | Y2: Evidencia | AB2: Efectividad | AD2: Valor Control | AE2: Puntos | AF2: Probabilidad | AG2: VP | AH2: Controles Correctivos | AI2: Documento | AL2: Responsable | AO2: Tipo (M/A) | AQ2: Fercuencia (Adecuada) | AT2: Evidencia | AW2: Efectividad | AY2: Valor Control | AZ2: Puntos | BA2: Objetivo Estratégico | BB2: Impacto | BC2: VI | BD2: V.Riesgo Actual | BE2: Z. Riesgo Actual | BF2: Acción | BH2: Responsable | BI2: Fecha Inicio | BJ2: Fecha Fin | BK2: Entregable
A3: Atención y servicio al cliente | B3: GESTIÓN | C3: 1. Desconocimiento de los tiempos límites de repuesta. 2. No tramitar en el momento justo de llegada del derecho de petición (radicado). 3. Falta de parametrización en el sistema cuando hay respuestas que superan los tiempos normativos. 4. Bajos niveles de información al peticionario sobre el trámite de las quejas con tiempos largos. 5. Desconocimiento del manejo de la herramienta de registro y seguimiento. 6. Mala distribución de la PQRD al interior de la Empresa. | D3: RGC-2 | E3: Vencimiento de términos en la atención de PQRD | F3: 1. Investigación disciplinaria. 2. Generación de tutelas 3. Impacto negativo en la imagen institucional | G3: Probable | H3: =IF(G3="","",VLOOKUP(G3,[1]Tablas!$A$2:$B$6,2,FALSE)) -> 4 | I3: Mayor | J3: =IF(I3="","",VLOOKUP(I3,[1]Tablas!$E$2:$F$6,2,FALSE)) -> 4 | K3: =IFERROR(VLOOKUP(L3,Tablas!$F$9:$G$22,2,FALSE),"") -> ALTA | L3: =IFERROR(+H3*J3,"") -> 16 | M3: Revisión diaria del estado de las PQRS en el sistema distrital de quejas y soluciones | N3: NO | O3: =IF(N3="SI",15,IF(N3="NO",0,"")) -> 0 | P3: No está documentado | Q3: SI | R3: =IF(Q3="SI",5,IF(Q3="NO",0,"")) -> 5 | S3: Profesional de Atención al Cliente | T3: Manual | U3: =IF(T3="Manual",10,IF(T3="Automático",15,"")) -> 10 | V3: SI | W3: =IF(V3="SI",15,IF(V3="NO",0,"")) -> 15 | X3: Diario | Y3: NO | Z3: =IF(Y3="SI",10,IF(Y3="NO",0,"")) -> 0 | AA3: No se genera evidencia | AB3: SI | AC3: =IF(AB3="SI",30,IF(AB3="NO",0,"")) -> 30 | AD3: =(MIN(O3:O7)+MIN(R3:R7)+MIN(U3:U7)+MIN(W3:W7)+MIN(Z3:Z7)+MIN(AC3:AC7)) -> 60 | AE3: =IF(AD3>=76,2,IF(AD3>=51,1,0)) -> 1 | AF3: =IF(AG3="","",VLOOKUP(AG3,Tablas!$B$2:$C$6,2,FALSE)) -> Posible | AG3: =IFERROR(+H3-AE3,"") -> 3 | AH3: Revisión diaria del estado de las PQRS en el sistema distrital de quejas y soluciones | AI3: NO | AJ3: =IF(AI3="SI",15,IF(AI3="NO",0,"")) -> 0 | AK3: No está documentado | AL3: SI | AM3: =IF(AL3="SI",5,IF(AL3="NO",0,"")) -> 5 | AN3: Profesional de Atención al Cliente | AO3: Manual | AP3: =IF(AO3="Manual",10,IF(AO3="Automático",15,"")) -> 10 | AQ3: NO | AR3: =IF(AQ3="SI",15,IF(AQ3="NO",0,"")) -> 0 | AS3: Diario | AT3: NO | AU3: =IF(AT3="SI",10,IF(AT3="NO",0,"")) -> 0 | AV3: No se genera evidencia | AW3: SI | AX3: =IF(AW3="SI",30,IF(AW3="NO",0,"")) -> 30 | AY3: =(MIN(AJ3:AJ7)+MIN(AM3:AM7)+MIN(AP3:AP7)+MIN(AR3:AR7)+MIN(AU3:AU7)+MIN(AX3:AX7)) -> 45 | AZ3: =IF(AY3>=76,2,IF(AY3>=51,1,0)) -> 0 | BA3: NO | BB3: =IF(BC3="","",VLOOKUP(BC3,Tablas!$F$2:$G$6,2,FALSE)) -> Mayor | BC3: =IFERROR(+J3-AZ3,"") -> 4 | BD3: =IFERROR(+BC3*AG3,"") -> 12 | BE3: =IFERROR(VLOOKUP(BD3,Tablas!$F$9:$G$22,2,FALSE),"") -> MEDIA | BF3: 1 | BG3: Actualizar e incorporar el control de revisión de estado de PQRS en el procedimiento respectivo | BH3: Atención al cliente | BI3: 43466 | BJ3: 43800 | BK3: Procedimiento
M4: Enviar un correo electrónico al área responsable sobre las PQRS por vencer (En estado rojo). | N4: NO | O4: =IF(N4="SI",15,IF(N4="NO",0,"")) -> 0 | P4: No está documentado | Q4: SI | R4: =IF(Q4="SI",5,IF(Q4="NO",0,"")) -> 5 | S4: Profesional de Atención al Cliente | T4: Manual | U4: =IF(T4="Manual",10,IF(T4="Automático",15,"")) -> 10 | V4: SI | W4: =IF(V4="SI",15,IF(V4="NO",0,"")) -> 15 | X4: Por demanda | Y4: SI | Z4: =IF(Y4="SI",10,IF(Y4="NO",0,"")) -> 10 | AA4: Correo electrónico | AB4: SI | AC4: =IF(AB4="SI",30,IF(AB4="NO",0,"")) -> 30 | AH4: Enviar un correo electrónico al área responsable sobre las PQRS por vencer (En estado Rojo). | AI4: NO | AJ4: =IF(AI4="SI",15,IF(AI4="NO",0,"")) -> 0 | AK4: No está documentado | AL4: SI | AM4: =IF(AL4="SI",5,IF(AL4="NO",0,"")) -> 5 | AN4: Profesional de Atención al Cliente | AO4: Manual | AP4: =IF(AO4="Manual",10,IF(AO4="Automático",15,"")) -> 10 | AQ4: NO | AR4: =IF(AQ4="SI",15,IF(AQ4="NO",0,"")) -> 0 | AS4: Por demanda | AT4: SI | AU4: =IF(AT4="SI",10,IF(AT4="NO",0,"")) -> 10 | AV4: Correo electrónico | AW4: SI | AX4: =IF(AW4="SI",30,IF(AW4="NO",0,"")) -> 30 | BF4: 2 | BG4: Socializar procedimiento y aspectos claves de las PQRS | BH4: Atención al cliente | BI4: 43466 | BJ4: 43800 | BK4: Piezas de comunicación Correo electrónico
O5: =IF(N5="SI",15,IF(N5="NO",0,"")) | R5: =IF(Q5="SI",5,IF(Q5="NO",0,"")) | U5: =IF(T5="Manual",10,IF(T5="Automático",15,"")) | W5: =IF(V5="SI",15,IF(V5="NO",0,"")) | Z5: =IF(Y5="SI",10,IF(Y5="NO",0,"")) | AC5: =IF(AB5="SI",30,IF(AB5="NO",0,"")) | AJ5: =IF(AI5="SI",15,IF(AI5="NO",0,"")) | AM5: =IF(AL5="SI",5,IF(AL5="NO",0,"")) | AP5: =IF(AO5="Manual",10,IF(AO5="Automático",15,"")) | AR5: =IF(AQ5="SI",15,IF(AQ5="NO",0,"")) | AU5: =IF(AT5="SI",10,IF(AT5="NO",0,"")) | AX5: =IF(AW5="SI",30,IF(AW5="NO",0,"")) | BF5: 3 | BG5: Definir perfiles y roles de todas las áreas en la Lotería para el sistema de PQRS - SDQS | BH5: Atención al cliente Directivos de cada área. | BI5: 43466 | BJ5: 43800 | BK5: Listado de usuarios por área
O6: =IF(N6="SI",15,IF(N6="NO",0,"")) | R6: =IF(Q6="SI",5,IF(Q6="NO",0,"")) | U6: =IF(T6="Manual",10,IF(T6="Automático",15,"")) | W6: =IF(V6="SI",15,IF(V6="NO",0,"")) | Z6: =IF(Y6="SI",10,IF(Y6="NO",0,"")) | AC6: =IF(AB6="SI",30,IF(AB6="NO",0,"")) | AJ6: =IF(AI6="SI",15,IF(AI6="NO",0,"")) | AM6: =IF(AL6="SI",5,IF(AL6="NO",0,"")) | AP6: =IF(AO6="Manual",10,IF(AO6="Automático",15,"")) | AR6: =IF(AQ6="SI",15,IF(AQ6="NO",0,"")) | AU6: =IF(AT6="SI",10,IF(AT6="NO",0,"")) | AX6: =IF(AW6="SI",30,IF(AW6="NO",0,"")) | BF6: 4 | BG6: Coordinar con la Alcaldía Capacitar al personal definido en los perfiles | BH6: Atención al cliente | BI6: 43466 | BJ6: 43800 | BK6: Lista de asistencia
O7: =IF(N7="SI",15,IF(N7="NO",0,"")) | R7: =IF(Q7="SI",5,IF(Q7="NO",0,"")) | U7: =IF(T7="Manual",10,IF(T7="Automático",15,"")) | W7: =IF(V7="SI",15,IF(V7="NO",0,"")) | Z7: =IF(Y7="SI",10,IF(Y7="NO",0,"")) | AC7: =IF(AB7="SI",30,IF(AB7="NO",0,"")) | AJ7: =IF(AI7="SI",15,IF(AI7="NO",0,"")) | AM7: =IF(AL7="SI",5,IF(AL7="NO",0,"")) | AP7: =IF(AO7="Manual",10,IF(AO7="Automático",15,"")) | AR7: =IF(AQ7="SI",15,IF(AQ7="NO",0,"")) | AU7: =IF(AT7="SI",10,IF(AT7="NO",0,"")) | AX7: =IF(AW7="SI",30,IF(AW7="NO",0,"")) | BF7: 5 | BI7: 43466 | BJ7: 43800
A8: Atención y servicio al cliente | B8: GESTIÓN | C8: 1. Ausencia de los funcionarios en las áreas a las que se dirigen las llamadas. 2. Mal direccionamiento de las llamadas por desconocimiento del tema que requiere el cliente. 3. Falta de cultura del personal de la Lotería en el enfoque de servicio. | D8: RGC-1 | E8: Bajo nivel en la atención de llamadas | F8: 1. Insatisfacción del cliente 2. Voz a voz del cliente insatisfecho que genera impacto negativo en la imagen institucional | G8: Casi seguro | H8: =IF(G8="","",VLOOKUP(G8,[1]Tablas!$A$2:$B$6,2,FALSE)) -> 5 | I8: Mayor | J8: =IF(I8="","",VLOOKUP(I8,[1]Tablas!$E$2:$F$6,2,FALSE)) -> 4 | K8: =IFERROR(VLOOKUP(L8,Tablas!$F$9:$G$22,2,FALSE),"") -> ALTA | L8: =IFERROR(+H8*J8,"") -> 20 | M8: Seguimiento mensual de la estadística de atención de llamadas para las áreas que tienen contacto con el cliente. | N8: SI | O8: =IF(N8="SI",15,IF(N8="NO",0,"")) -> 15 | P8: Cuadro de mando estratégico | Q8: SI | R8: =IF(Q8="SI",5,IF(Q8="NO",0,"")) -> 5 | S8: Áreas que tienen contacto con el cliente | T8: Manual | U8: =IF(T8="Manual",10,IF(T8="Automático",15,"")) -> 10 | V8: SI | W8: =IF(V8="SI",15,IF(V8="NO",0,"")) -> 15 | X8: Mensual | Y8: SI | Z8: =IF(Y8="SI",10,IF(Y8="NO",0,"")) -> 10 | AA8: Cuadro de mando estratégico | AB8: SI | AC8: =IF(AB8="SI",30,IF(AB8="NO",0,"")) -> 30 | AD8: =(MIN(O8:O12)+MIN(R8:R12)+MIN(U8:U12)+MIN(W8:W12)+MIN(Z8:Z12)+MIN(AC8:AC12)) -> 85 | AE8: =IF(AD8>=76,2,IF(AD8>=51,1,0)) -> 2 | AF8: =IF(AG8="","",VLOOKUP(AG8,Tablas!$B$2:$C$6,2,FALSE)) -> Posible | AG8: =IFERROR(+H8-AE8,"") -> 3 | AH8: Seguimiento mensual de la estadística de atención de llamadas para las áreas que tienen contacto con el cliente. | AI8: SI | AJ8: =IF(AI8="SI",15,IF(AI8="NO",0,"")) -> 15 | AK8: Cuadro de mando estratégico | AL8: SI | AM8: =IF(AL8="SI",5,IF(AL8="NO",0,"")) -> 5 | AN8: Áreas que tienen contacto con el cliente | AO8: Manual | AP8: =IF(AO8="Manual",10,IF(AO8="Automático",15,"")) -> 10 | AQ8: SI | AR8: =IF(AQ8="SI",15,IF(AQ8="NO",0,"")) -> 15 | AS8: Mensual | AT8: SI | AU8: =IF(AT8="SI",10,IF(AT8="NO",0,"")) -> 10 | AV8: Cuadro de mando estratégico | AW8: SI | AX8: =IF(AW8="SI",30,IF(AW8="NO",0,"")) -> 30 | AY8: =(MIN(AJ8:AJ12)+MIN(AM8:AM12)+MIN(AP8:AP12)+MIN(AR8:AR12)+MIN(AU8:AU12)+MIN(AX8:AX12)) -> 85 | AZ8: =IF(AY8>=76,2,IF(AY8>=51,1,0)) -> 2 | BA8: SI | BB8: =IF(BC8="","",VLOOKUP(BC8,Tablas!$F$2:$G$6,2,FALSE)) -> Menor | BC8: =IFERROR(+J8-AZ8,"") -> 2 | BD8: =IFERROR(+BC8*AG8,"") -> 6 | BE8: =IFERROR(VLOOKUP(BD8,Tablas!$F$9:$G$22,2,FALSE),"") -> MEDIA | BF8: 1 | BG8: Establecer políticas y lineamientos para fortalecer la atención de llamadas durante las ausencias cortas y prolongadas del personal en el área de Servicio al Cliente. | BH8: Atención al Cliente Gerencia General Planeación | BI8: 43466 | BJ8: 43800 | BK8: Políticas actualizadas
O9: =IF(N9="SI",15,IF(N9="NO",0,"")) | R9: =IF(Q9="SI",5,IF(Q9="NO",0,"")) | U9: =IF(T9="Manual",10,IF(T9="Automático",15,"")) | W9: =IF(V9="SI",15,IF(V9="NO",0,"")) | Z9: =IF(Y9="SI",10,IF(Y9="NO",0,"")) | AC9: =IF(AB9="SI",30,IF(AB9="NO",0,"")) | AJ9: =IF(AI9="SI",15,IF(AI9="NO",0,"")) | AM9: =IF(AL9="SI",5,IF(AL9="NO",0,"")) | AP9: =IF(AO9="Manual",10,IF(AO9="Automático",15,"")) | AR9: =IF(AQ9="SI",15,IF(AQ9="NO",0,"")) | AU9: =IF(AT9="SI",10,IF(AT9="NO",0,"")) | AX9: =IF(AW9="SI",30,IF(AW9="NO",0,"")) | BF9: 2 | BG9: Capacitar en el uso adecuado de los dispositivos telefónicos para el redireccionamiento de llamadas. | BH9: Sistemas | BI9: 43466 | BJ9: 43800 | BK9: Lista de asistencia
O10: =IF(N10="SI",15,IF(N10="NO",0,"")) | R10: =IF(Q10="SI",5,IF(Q10="NO",0,"")) | U10: =IF(T10="Manual",10,IF(T10="Automático",15,"")) | W10: =IF(V10="SI",15,IF(V10="NO",0,"")) | Z10: =IF(Y10="SI",10,IF(Y10="NO",0,"")) | AC10: =IF(AB10="SI",30,IF(AB10="NO",0,"")) | AJ10: =IF(AI10="SI",15,IF(AI10="NO",0,"")) | AM10: =IF(AL10="SI",5,IF(AL10="NO",0,"")) | AP10: =IF(AO10="Manual",10,IF(AO10="Automático",15,"")) | AR10: =IF(AQ10="SI",15,IF(AQ10="NO",0,"")) | AU10: =IF(AT10="SI",10,IF(AT10="NO",0,"")) | AX10: =IF(AW10="SI",30,IF(AW10="NO",0,"")) | BF10: 3
O11: =IF(N11="SI",15,IF(N11="NO",0,"")) | R11: =IF(Q11="SI",5,IF(Q11="NO",0,"")) | U11: =IF(T11="Manual",10,IF(T11="Automático",15,"")) | W11: =IF(V11="SI",15,IF(V11="NO",0,"")) | Z11: =IF(Y11="SI",10,IF(Y11="NO",0,"")) | AC11: =IF(AB11="SI",30,IF(AB11="NO",0,"")) | AJ11: =IF(AI11="SI",15,IF(AI11="NO",0,"")) | AM11: =IF(AL11="SI",5,IF(AL11="NO",0,"")) | AP11: =IF(AO11="Manual",10,IF(AO11="Automático",15,"")) | AR11: =IF(AQ11="SI",15,IF(AQ11="NO",0,"")) | AU11: =IF(AT11="SI",10,IF(AT11="NO",0,"")) | AX11: =IF(AW11="SI",30,IF(AW11="NO",0,"")) | BF11: 4
O12: =IF(N12="SI",15,IF(N12="NO",0,"")) | R12: =IF(Q12="SI",5,IF(Q12="NO",0,"")) | U12: =IF(T12="Manual",10,IF(T12="Automático",15,"")) | W12: =IF(V12="SI",15,IF(V12="NO",0,"")) | Z12: =IF(Y12="SI",10,IF(Y12="NO",0,"")) | AC12: =IF(AB12="SI",30,IF(AB12="NO",0,"")) | AJ12: =IF(AI12="SI",15,IF(AI12="NO",0,"")) | AM12: =IF(AL12="SI",5,IF(AL12="NO",0,"")) | AP12: =IF(AO12="Manual",10,IF(AO12="Automático",15,"")) | AR12: =IF(AQ12="SI",15,IF(AQ12="NO",0,"")) | AU12: =IF(AT12="SI",10,IF(AT12="NO",0,"")) | AX12: =IF(AW12="SI",30,IF(AW12="NO",0,"")) | BF12: 5
A13: Atención y servicio al cliente | B13: GESTIÓN Y CORRUPCIÓN | C13: 1. Desconocimiento de los requisitos propios de cada trámite 2. Falta de revisión de las etapas previas de cada trámite 3. Falta de claridad en las especificaciones de los requisitos para la gestión de los trámites 4. Desactualización de los requisitos de acuerdo a la normatividad vigente. 5. Intención de favorecer un tercero a cambio de un beneficio personal. | D13: RGC-3 | E13: Gestionar trámites con incumplimiento de requisitos o por fuera de oportunidad | F13: 1. Investigación disciplinaria 2. No conformidades mayores en el sistema de calidad 3. Afectación de la credibilidad e imagen institucional 4. Demandas | G13: Posible | H13: =IF(G13="","",VLOOKUP(G13,[1]Tablas!$A$2:$B$6,2,FALSE)) -> 3 | I13: Moderado | J13: =IF(I13="","",VLOOKUP(I13,[1]Tablas!$E$2:$F$6,2,FALSE)) -> 3 | K13: =IFERROR(VLOOKUP(L13,Tablas!$F$9:$G$22,2,FALSE),"") -> MEDIA | L13: =IFERROR(+H13*J13,"") -> 9 | M13: Revisión interna del cumplimiento de requisitos de cada trámite. | N13: NO | O13: =IF(N13="SI",15,IF(N13="NO",0,"")) -> 0 | P13: No está documentado | Q13: SI | R13: =IF(Q13="SI",5,IF(Q13="NO",0,"")) -> 5 | S13: Oficina de Planeación | T13: Manual | U13: =IF(T13="Manual",10,IF(T13="Automático",15,"")) -> 10 | V13: SI | W13: =IF(V13="SI",15,IF(V13="NO",0,"")) -> 15 | X13: Por demanda | Y13: SI | Z13: =IF(Y13="SI",10,IF(Y13="NO",0,"")) -> 10 | AA13: Registros aplicados al trámite | AB13: SI | AC13: =IF(AB13="SI",30,IF(AB13="NO",0,"")) -> 30 | AD13: =(MIN(O13:O17)+MIN(R13:R17)+MIN(U13:U17)+MIN(W13:W17)+MIN(Z13:Z17)+MIN(AC13:AC17)) -> 70 | AE13: =IF(AD13>=76,2,IF(AD13>=51,1,0)) -> 1 | AF13: =IF(AG13="","",VLOOKUP(AG13,Tablas!$B$2:$C$6,2,FALSE)) -> Improbable | AG13: =IFERROR(+H13-AE13,"") -> 2 | AJ13: =IF(AI13="SI",15,IF(AI13="NO",0,"")) | AM13: =IF(AL13="SI",5,IF(AL13="NO",0,"")) | AP13: =IF(AO13="Manual",10,IF(AO13="Automático",15,"")) | AR13: =IF(AQ13="SI",15,IF(AQ13="NO",0,"")) | AU13: =IF(AT13="SI",10,IF(AT13="NO",0,"")) | AX13: =IF(AW13="SI",30,IF(AW13="NO",0,"")) | AY13: =(MIN(AJ13:AJ17)+MIN(AM13:AM17)+MIN(AP13:AP17)+MIN(AR13:AR17)+MIN(AU13:AU17)+MIN(AX13:AX17)) -> 0 | AZ13: =IF(AY13>=76,2,IF(AY13>=51,1,0)) -> 0 | BA13: NO | BB13: =IF(BC13="","",VLOOKUP(BC13,Tablas!$F$2:$G$6,2,FALSE)) -> Moderado | BC13: =IFERROR(+J13-AZ13,"") -> 3 | BD13: =IFERROR(+BC13*AG13,"") -> 6 | BE13: =IFERROR(VLOOKUP(BD13,Tablas!$F$9:$G$22,2,FALSE),"") -> MEDIA | BF13: 1 | BG13: Documentar los trámites | BH13: Líder de cada trámite Planeación | BI13: 43466 | BJ13: 43800 | BK13: Documento metodológico
M14: Validar mensualmente que la información de la guía de trámites y el mapa callejero está actualizada. | N14: NO | O14: =IF(N14="SI",15,IF(N14="NO",0,"")) -> 0 | P14: No está documentado | Q14: SI | R14: =IF(Q14="SI",5,IF(Q14="NO",0,"")) -> 5 | S14: Oficina de Planeación | T14: Manual | U14: =IF(T14="Manual",10,IF(T14="Automático",15,"")) -> 10 | V14: SI | W14: =IF(V14="SI",15,IF(V14="NO",0,"")) -> 15 | X14: Mensual | Y14: SI | Z14: =IF(Y14="SI",10,IF(Y14="NO",0,"")) -> 10 | AA14: Certificado de confiabilidad de la información | AB14: SI | AC14: =IF(AB14="SI",30,IF(AB14="NO",0,"")) -> 30 | AJ14: =IF(AI14="SI",15,IF(AI14="NO",0,"")) | AM14: =IF(AL14="SI",5,IF(AL14="NO",0,"")) | AP14: =IF(AO14="Manual",10,IF(AO14="Automático",15,"")) | AR14: =IF(AQ14="SI",15,IF(AQ14="NO",0,"")) | AU14: =IF(AT14="SI",10,IF(AT14="NO",0,"")) | AX14: =IF(AW14="SI",30,IF(AW14="NO",0,"")) | BF14: 2 | BG14: Documentar el proceso de racionalización y gestión de trámites donde se puedan establecer los criterios y lineamientos de los controles. | BH14: Atención al cliente Planeación | BI14: 43466 | BJ14: 43800 | BK14: Documento metodológico
O15: =IF(N15="SI",15,IF(N15="NO",0,"")) | R15: =IF(Q15="SI",5,IF(Q15="NO",0,"")) | U15: =IF(T15="Manual",10,IF(T15="Automático",15,"")) | W15: =IF(V15="SI",15,IF(V15="NO",0,"")) | Z15: =IF(Y15="SI",10,IF(Y15="NO",0,"")) | AC15: =IF(AB15="SI",30,IF(AB15="NO",0,"")) | AJ15: =IF(AI15="SI",15,IF(AI15="NO",0,"")) | AM15: =IF(AL15="SI",5,IF(AL15="NO",0,"")) | AP15: =IF(AO15="Manual",10,IF(AO15="Automático",15,"")) | AR15: =IF(AQ15="SI",15,IF(AQ15="NO",0,"")) | AU15: =IF(AT15="SI",10,IF(AT15="NO",0,"")) | AX15: =IF(AW15="SI",30,IF(AW15="NO",0,"")) | BF15: 3 | BG15: Capacitar al personal de atención al cliente sobre los requisitos y procedimientos internos para la gestión de cada trámite. | BH15: Líder de cada trámite | BI15: 43466 | BJ15: 43800 | BK15: Lista de asistencia Material de capacitación
O16: =IF(N16="SI",15,IF(N16="NO",0,"")) | R16: =IF(Q16="SI",5,IF(Q16="NO",0,"")) | U16: =IF(T16="Manual",10,IF(T16="Automático",15,"")) | W16: =IF(V16="SI",15,IF(V16="NO",0,"")) | Z16: =IF(Y16="SI",10,IF(Y16="NO",0,"")) | AC16: =IF(AB16="SI",30,IF(AB16="NO",0,"")) | AJ16: =IF(AI16="SI",15,IF(AI16="NO",0,"")) | AM16: =IF(AL16="SI",5,IF(AL16="NO",0,"")) | AP16: =IF(AO16="Manual",10,IF(AO16="Automático",15,"")) | AR16: =IF(AQ16="SI",15,IF(AQ16="NO",0,"")) | AU16: =IF(AT16="SI",10,IF(AT16="NO",0,"")) | AX16: =IF(AW16="SI",30,IF(AW16="NO",0,"")) | BF16: 4
O17: =IF(N17="SI",15,IF(N17="NO",0,"")) | R17: =IF(Q17="SI",5,IF(Q17="NO",0,"")) | U17: =IF(T17="Manual",10,IF(T17="Automático",15,"")) | W17: =IF(V17="SI",15,IF(V17="NO",0,"")) | Z17: =IF(Y17="SI",10,IF(Y17="NO",0,"")) | AC17: =IF(AB17="SI",30,IF(AB17="NO",0,"")) | AJ17: =IF(AI17="SI",15,IF(AI17="NO",0,"")) | AM17: =IF(AL17="SI",5,IF(AL17="NO",0,"")) | AP17: =IF(AO17="Manual",10,IF(AO17="Automático",15,"")) | AR17: =IF(AQ17="SI",15,IF(AQ17="NO",0,"")) | AU17: =IF(AT17="SI",10,IF(AT17="NO",0,"")) | AX17: =IF(AW17="SI",30,IF(AW17="NO",0,"")) | BF17: 5

Sheet Tablas
A1: Probabilidad | E1: Impacto | I1: Estadístico | M1: 1
A2: Casi seguro | B2: 5 | C2: =+A2 -> Casi seguro | E2: Catastrófico | F2: 5 | G2: =+E2 -> Catastrófico | I2: Más 1 vez año | J2: 5 | K2: =+I2 -> Más 1 vez año | M2: 2
A3: Probable | B3: 4 | C3: =+A3 -> Probable | E3: Mayor | F3: 4 | G3: =+E3 -> Mayor | I3: 1 vez en el último año | J3: 4 | K3: =+I3 -> 1 vez en el último año | M3: 3
A4: Posible | B4: 3 | C4: =+A4 -> Posible | E4: Moderado | F4: 3 | G4: =+E4 -> Moderado | I4: 1 vez en el últimos 2 años | J4: 3 | K4: =+I4 -> 1 vez en el últimos 2 años | M4: 4
A5: Improbable | B5: 2 | C5: =+A5 -> Improbable | E5: Menor | F5: 2 | G5: =+E5 -> Menor | I5: 1 vez en el últimos 5 años | J5: 2 | K5: =+I5 -> 1 vez en el últimos 5 años | M5: 5
A6: Excepcional | B6: 1 | C6: =+A6 -> Excepcional | E6: Insignificante | F6: 1 | G6: =+E6 -> Insignificante | I6: no se ha presentado en los últimos 5 años | J6: 1 | K6: =+I6 -> no se ha presentado en los últimos 5 años | M6: 6
M7: 7
A8: Descriptores | M8: 8
A9: MUY BUENO | B9: 1 | C9: =+A9 -> MUY BUENO | F9: 1 | G9: BAJA | I9: Atención y servicio al cliente | M9: 9
A10: POR MEJORAR | B10: 3 | C10: =+A10 -> POR MEJORAR | F10: 2 | G10: BAJA | I10: Control, inspección y fiscalización | M10: 10
A11: A INTERVENIR | B11: 5 | C11: =+A11 -> A INTERVENIR | F11: 3 | G11: MEDIA | I11: Desarrollo e innovación | M11: 11
F12: 4 | G12: MEDIA | I12: Evaluación y mejora | M12: 12
A13: Descriptores | F13: 5 | G13: MEDIA | I13: Explotación de JSA | M13: 13
A14: ALTO | B14: 5 | C14: =+A14 -> ALTO | F14: 6 | G14: MEDIA | I14: Gestión de bienes y servicios | M14: 14
A15: MEDIO | B15: 3 | C15: =+A15 -> MEDIO | F15: 8 | G15: MEDIA | I15: Gestión de comunicaciones | M15: 15
A16: BAJO | B16: 1 | C16: =+A16 -> BAJO | F16: 9 | G16: MEDIA | I16: Gestión de las tecnologías y la información | M16: 16
F17: 10 | G17: MEDIA | I17: Gestión del conocimiento | M17: 17
F18: 12 | G18: MEDIA | I18: Gestión del talento humano | M18: 18
F19: 15 | G19: ALTA | I19: Gestión financiera y contable
F20: 16 | G20: ALTA | I20: Gestión jurídica
F21: 20 | G21: ALTA | I21: Planeación y Direccionamiento Estratégico
F22: 25 | G22: ALTA | I22: Recaudo

Sheet CONTROL INSPE Y FISCA
G1: RIESGO INHERENTE | M1: Valoración Riesgo Residual (Probabilidad) | AH1: Valoración Riesgo Residual (impacto) | BD1: Valor Riesgo Residual | BF1: PLAN DE TRATAMIENTO
A2: Proceso | B2: Clase | C2: Causas | D2: Riesgo | F2: Consecuencia | G2: Probabilidad | I2: Impacto | K2: Valor del Riesgo | M2: Controles preventivos | N2: Documento | Q2: Responsable | T2: Tipo (M/A) | V2: Fercuencia (Adecuada) | Y2: Evidencia | AB2: Efectividad | AD2: Valor Control | AE2: Puntos | AF2: Probabilidad | AG2: VP | AH2: Controles Correctivos | AI2: Documento | AL2: Responsable | AO2: Tipo (M/A) | AQ2: Fercuencia (Adecuada) | AT2: Evidencia | AW2: Efectividad | AY2: Valor Control | AZ2: Puntos | BA2: Objetivo Estratégico | BB2: Impacto | BC2: VI | BD2: V.Riesgo Actual | BE2: Z. Riesgo Actual | BF2: Acción | BH2: Responsable | BI2: Fecha Inicio | BJ2: Fecha Fin | BK2: Entregable
A3: Control, inspección y fiscalización | B3: GESTIÓN Y CORRUPCIÓN | C3: 1. Transferencias por fuera de los terminos legales 2. Información incompleta por parte del concesionario en el momento de las visitas de fiscalización 3. Falta cumplimiento, alcance y profundidad de los controles de fiscalización 4. Herramientas tecnológicas insificientes para la supervisión y fiscalización del contrato. 5. Insuficiencia y/o falta de competencia en el personal involucrado. 6. Ofrecimiento de beneficios por parte de terceros. 7. Informes de supérvisión con conclusiones sesgadas. 8. Desconocimiento o interpretación errada de las obligaciones contratuales por parte del operador. | D3: RGC-4 | E3: Incumplimiento de las obligaciones del concesionario de apuestas permanentes o chance durante la ejecución del contrato de cocesión. | F3: 1. Liquidación del contarto 2. Procesos sancionatorios 3. Hallazgos de entes de control con incidencia fiscal, disciplinaria y penal 4. Disminución recursos para la salud | G3: Probable | H3: 4 | I3: Mayor | J3: 4 | K3: ALTA | L3: 16 | M3: Visitas de fiscalización e inspección al concesionario | N3: NO | O3: 0 | P3: No está documentado | Q3: SI | R3: 5 | S3: Unidad de Apuestas permanentes | T3: Manual | U3: 10 | V3: SI | W3: 15 | X3: Trimestral | Y3: SI | Z3: 10 | AA3: Informe de fiscalización e inspección | AB3: SI | AC3: 30 | AD3: 70 | AE3: 1 | AF3: Posible | AG3: 3 | AH3: Proceso requerimiento al concesionario producto de los hallazgos de los informes | AI3: SI | AJ3: 15 | AK3: Procedimiento Control de Juegos de Suerte y Azar | AL3: SI | AM3: 5 | AN3: Unidad de Apuestas Permanentes | AO3: Manual | AP3: 10 | AQ3: SI | AR3: 15 | AS3: Por demanda | AT3: SI | AU3: 10 | AV3: Oficio de requerimiento | AW3: SI | AX3: 30 | AY3: 85 | AZ3: 2 | BA3: SI | BB3: Menor | BC3: 2 | BD3: 6 | BE3: MEDIA | BF3: 1 | BG3: Definir, documentar y aprobar los lineamientos y criterios para ejecutar las visitas de fiscalización e inspección al igual que la verifocación del juego en línea. | BH3: Subgerente General Unidad de Apuestas permanentes | BI3: 43466 | BJ3: 43800 | BK3: Documento metodológico
M4: Verificación del juego en línea. | N4: NO | O4: 0 | P4: No está documentado | Q4: SI | R4: 5 | S4: Unidad de Apuestas permanentes | T4: Manual | U4: 10 | V4: SI | W4: 15 | X4: Bimestral | Y4: SI | Z4: 10 | AA4: Informe de verificación de juego en línea | AB4: SI | AC4: 30 | BF4: 2 | BG4: Desarrollo y actualización de la plataforma tecnológica de control del juego con el propósito de aumentar la seguridad y mejorar el manejo de la información a través de la minería de datos | BH4: Área de Tecnología Unidad de Apuestas Permanentes | BI4: 43466 | BJ4: 43800 | BK4: Herramienta tecnológica
BF5: 3 | BG5: Capacitar al personal de la Unidad de Apuestas sobre ñlas ventajas, funcionalidades y reportes de la herramienta tecnológica. | BH5: Área de Tecnología | BI5: 43466 | BJ5: 43800 | BK5: Listas de asistencia
BF6: 4
BF7: 5
A8: Control, inspección y fiscalización | B8: GESTIÓN Y CORRPCIÓN | C8: 1. No realización de visitas de control, inspeccion y vigilancia. 2. Bajo nivel de operativos de control al juego ilegal 3. Operativos de control con poca eficacia: Filtración de información por parte de funcionarios a terceros sobre los operativos de control. 4. Mayor ganacia para los apostadores en el juego ilegal. 5. Debilidades en el proceso penal frente al delito. | D8: RGC-5 | E8: Aumento del juego ilegal | F8: 1. Credibilidad y trasparencia del sector 2. Disminución de las ventas de chance y lotería: Disminución de recursos para la salud. | G8: Probable | H8: 4 | I8: Mayor | J8: 4 | K8: ALTA | L8: 16 | M8: Controles al juego ilegal definidos contractualmente con el concesionario (Anexo control juego ilegal). | N8: SI | O8: 15 | P8: Anexo del contrato de concesión | Q8: SI | R8: 5 | S8: Cocesionario Lotería: Supervisor del contrato Subgerencia General Apoyo: Unidad de Apuestas | T8: Manual | U8: 10 | V8: SI | W8: 15 | X8: Mensual | Y8: SI | Z8: 10 | AA8: Informe actividades desarrolladas contra el juego ilegal | AB8: SI | AC8: 30 | AD8: 85 | AE8: 2 | AF8: Improbable | AG8: 2 | AH8: Convenio inter administrativo con la Policia Nacional: Operativos de control | AI8: SI | AJ8: 15 | AK8: Convenio | AL8: SI | AM8: 5 | AN8: Policia Nacional Unidad de Apuestas | AO8: Manual | AP8: 10 | AQ8: SI | AR8: 15 | AS8: Por demanda | AT8: SI | AU8: 10 | AV8: Informes de los operativos Acta de reuniones de seguimiento | AW8: SI | AX8: 30 | AY8: 85 | AZ8: 2 | BA8: SI | BB8: Menor | BC8: 2 | BD8: 4 | BE8: MEDIA | BF8: 1 | BG8: NA | BH8: NA | BI8: NA | BJ8: NA | BK8: NA
AH9: Controles al juego ilegal definidos contractualmente con el concesionario (Anexo control juego ilegal). | AI9: SI | AJ9: 15 | AK9: Anexo del contrato de concesión | AL9: SI | AM9: 5 | AN9: Cocesionario Lotería: Supervisor del contrato Subgerencia General Apoyo: Unidad de Apuestas | AO9: Manual | AP9: 10 | AQ9: SI | AR9: 15 | AS9: Mensual | AT9: SI | AU9: 10 | AV9: Informe actividades desarrolladas contra el juego ilegal | AW9: SI | AX9: 30 | BF9: 2
BF10: 3
BF11: 4
BF12: 5
AD13: 0 | AE13: 0 | AY13: 0 | AZ13: 0 | BF13: 1
BF14: 2
BF15: 3
BF16: 4
BF17: 5
AD18: 0 | AE18: 0 | AY18: 0 | AZ18: 0 | BF18: 1
BF19: 2
BF20: 3
BF21: 4
BF22: 5
AD23: 0 | AE23: 0 | AY23: 0 | AZ23: 0 | BF23: 1
BF24: 2
BF25: 3
BF26: 4
BF27: 5
AD28: 0 | AE28: 0 | AY28: 0 | AZ28: 0 | BF28: 1
BF29: 2
BF30: 3
BF31: 4
BF32: 5
AD33: 0 | AE33: 0 | AY33: 0 | AZ33: 0 | BF33: 1
BF34: 2
BF35: 3
BF36: 4
BF37: 5
AD38: 0 | AE38: 0 | AY38: 0 | AZ38: 0 | BF38: 1
BF39: 2
BF40: 3
BF41: 4
BF42: 5
AD43: 0 | AE43: 0 | AY43: 0 | AZ43: 0 | BF43: 1
BF44: 2
BF45: 3
BF46: 4
BF47: 5

Sheet Evaluación y mejora
G1: RIESGO INHERENTE | M1: Valoración Riesgo Residual (Probabilidad) | AH1: Valoración Riesgo Residual (impacto) | BD1: Valor Riesgo Residual | BF1: PLAN DE TRATAMIENTO
A2: Proceso | B2: Clase | C2: Causas | D2: Riesgo | F2: Consecuencia | G2: Probabilidad | I2: Impacto | K2: Valor del Riesgo | M2: Controles preventivos | N2: Documento | Q2: Responsable | T2: Tipo (M/A) | V2: Fercuencia (Adecuada) | Y2: Evidencia | AB2: Efectividad | AD2: Valor Control | AE2: Puntos | AF2: Probabilidad | AG2: VP | AH2: Controles Correctivos | AI2: Documento | AL2: Responsable | AO2: Tipo (M/A) | AQ2: Fercuencia (Adecuada) | AT2: Evidencia | AW2: Efectividad | AY2: Valor Control | AZ2: Puntos | BA2: Objetivo Estratégico | BB2: Impacto | BC2: VI | BD2: V.Riesgo Actual | BE2: Z. Riesgo Actual | BF2: Acción | BH2: Responsable | BI2: Fecha Inicio | BJ2: Fecha Fin | BK2: Entregable
A3: Evaluación y mejora | B3: GESTIÓN | C3: 1. Omisión, inconsistencia o inoportunidad en la entrega de información 2. Inadecuada interpretación de la información por parte del auditor 3. Conocimiento insuficiente de los proceso por parte del auditor. | D3: RGC-6 | E3: Opinión de auditoría inapropiada | F3: 1. Afectación de la credibilidad respecto de la labor de la OCI 2. Inconsistencia de las recomendaciones 3. Incumplimiento de propósitos de la Auditoría | G3: Casi seguro | H3: 5 | I3: Mayor | J3: 4 | K3: ALTA | L3: 20 | M3: Revisión de las observaciones planteadas por el auditor en el ejercicio de auditoría | N3: SI | O3: 15 | P3: Procedimiento Auditoría Interna | Q3: SI | R3: 5 | S3: Jefe Control Interno | T3: Manual | U3: 10 | V3: SI | W3: 15 | X3: Por cada auditoría | Y3: SI | Z3: 10 | AA3: Correos internos de revisión | AB3: SI | AC3: 30 | AD3: 85 | AE3: 2 | AF3: Posible | AG3: 3 | AH3: Validación de las observaciones de la auditoría por parte de los responsables de los procesos auditados. | AI3: SI | AJ3: 15 | AK3: Procedimiento Auditoría Interna | AL3: SI | AM3: 5 | AN3: Jefe Control Interno | AO3: Manual | AP3: 10 | AQ3: SI | AR3: 15 | AS3: Por cada auditoría | AT3: SI | AU3: 10 | AV3: Formato comunicación de observaciones Acta de reunión | AW3: SI | AX3: 30 | AY3: 85 | AZ3: 2 | BA3: SI | BB3: Menor | BC3: 2 | BD3: 6 | BE3: MEDIA | BF3: 1 | BG3: Actualizar el procedimiento de auditoría con el fin de fortalecer la descripción y criterios de los controles mencionados. | BH3: Oficina Control Interno | BI3: 43466 | BJ3: 43800 | BK3: Procedimiento actualizado
M4: Validación de las observaciones de la auditoría por parte de los responsables de los procesos auditados. | N4: SI | O4: 15 | P4: Procedimiento Auditoría Interna | Q4: SI | R4: 5 | S4: Jefe Control Interno | T4: Manual | U4: 10 | V4: SI | W4: 15 | X4: Por cada auditoría | Y4: SI | Z4: 10 | AA4: Formato comunicación de observaciones Acta de reunión | AB4: SI | AC4: 30 | BF4: 2
BF5: 3
BF6: 4
BF7: 5
A8: Evaluación y mejora | B8: GESTIÓN | C8: 1. Deficiencias en la planeación del PAA 2. Falta de recursos. 3. Falta de oportunidad en la entrega y calidad de la información solicitada en desarrollo del proceso auditor. 4. Falta de seguimiento y control. | D8: RGC-7 | E8: Incumplimiento del plan anual de auditoria. | F8: 1. Desgaste administrativo de la Oficina de Control Interno. 2. Incumplimiento de requisitos normativos. 3. Hallazgos de entes de control. | G8: Casi seguro | H8: 5 | I8: Mayor | J8: 4 | K8: ALTA | L8: 20 | M8: Suscripción de la Carta de representación por parte del líder del proceso auditado | N8: SI | O8: 15 | P8: Procedimiento Auditoría Interna | Q8: SI | R8: 5 | S8: Líder Auditado | T8: Manual | U8: 10 | V8: SI | W8: 15 | X8: Por cada auditoría | Y8: SI | Z8: 10 | AA8: Carta de Representación | AB8: SI | AC8: 30 | AD8: 85 | AE8: 2 | AF8: Posible | AG8: 3 | AH8: Presentación de reportes de seguimiento y control al plan anual de auditoría | AI8: NO | AJ8: 0 | AK8: No está documentado | AL8: SI | AM8: 5 | AN8: Comité Institucional de Coordinación de Control Interno - CICCI | AO8: Manual | AP8: 10 | AQ8: SI | AR8: 15 | AS8: Semestral | AT8: SI | AU8: 10 | AV8: Informe de seguimiento | AW8: SI | AX8: 30 | AY8: 70 | AZ8: 1 | BA8: NO | BB8: Moderado | BC8: 3 | BD8: 9 | BE8: MEDIA | BF8: 1 | BG8: Actualizar el procedimiento de Programa anual de auditoría con el fin de incorporar las actividades y controles necesarios que describan el seguimiento (ajustes al plan) que se efectua a la implementación del plan. | BH8: Control Interno | BI8: 43466 | BJ8: 43800 | BK8: Procedimiento actualizado
M9: Priorizar los procesos a auditar de acuerdo a la gestiíon de riesgos y estado de planes de mejoramiento. | N9: SI | O9: 15 | P9: Procedimiento Programa anual de auditorías | Q9: SI | R9: 5 | S9: Control Interno | T9: Manual | U9: 10 | V9: SI | W9: 15 | X9: Anual | Y9: SI | Z9: 10 | AA9: Matriz de priorización de auditoría | AB9: SI | AC9: 30 | BF9: 2
M10: Revisión y aprobación del programa anual de auditoría por parte del Comité Institucional de Coordinación de Control Interno. | N10: SI | O10: 15 | P10: Procedimiento Programa anual de auditorías | Q10: SI | R10: 5 | S10: Comité Institucional de Coordinación de Control Interno - CICCI | T10: Manual | U10: 10 | V10: SI | W10: 15 | X10: Anual | Y10: SI | Z10: 10 | AA10: Plan anual de auditorías Acvta de comité | AB10: SI | AC10: 30 | BF10: 3
BF11: 4
BF12: 5
A13: Evaluación y mejora | B13: GESTIÓN | C13: 1. Omisión, inoportunidad o inconsistencia en la formulación de planes de mejoramiento 2. Falta de seguimiento por parte de líderes de proceso 3. deficiencias en el seguimiento a la gestión de planes de mejoramiento | D13: RGC-8 | E13: Materialización de riegos relacionados con observaciones de auditoría | F13: 1. Afectación en el cumplimiento de los objetivos insttucionales 2. Sanciones fiscales, administrativas y/o disciplinarias 3. Imposición de Sanciones fiscales 4. Daño patrimonial 5. Daño reputacional | G13: Probable | H13: 4 | I13: Mayor | J13: 4 | K13: ALTA | L13: 16 | M13: Análisis y pertinencia de las observaciones o hallazgos de auditoría | N13: SI | O13: 15 | P13: Procedimiento Gestión de planes de mejoramiento | Q13: SI | R13: 5 | S13: Líder del proceso Equipo Auditor | T13: Manual | U13: 10 | V13: SI | W13: 15 | X13: Por cada auditoría | Y13: SI | Z13: 10 | AA13: Acta de mesa de trabajo de comunicación de observaciones | AB13: SI | AC13: 30 | AD13: 85 | AE13: 2 | AF13: Improbable | AG13: 2 | AH13: Verificar las acciones del plan de mejoramiento de acuerdo a los lineamientos metodológicos definidos | AI13: SI | AJ13: 15 | AK13: Procedimiento Gestión de planes de mejoramiento | AL13: SI | AM13: 5 | AN13: Control Interno | AO13: Manual | AP13: 10 | AQ13: SI | AR13: 15 | AS13: Por cada plan de mejoramiento | AT13: SI | AU13: 10 | AV13: Formato revisión metodológica plan de mejoramiento | AW13: SI | AX13: 30 | AY13: 85 | AZ13: 2 | BB13: Menor | BC13: 2 | BD13: 4 | BE13: MEDIA | BF13: 1 | BG13: Actualizar el procedimiento de Plan de mejoramiento con el fin de estandarizar los registro y formatos aplicados. | BH13: Control Interno | BI13: 43466 | BJ13: 43800 | BK13: Procedimiento actualizado
M14: Suscripción de la Carta de representación por parte del líder del proceso auditado | N14: SI | O14: 15 | P14: Procedimiento Auditoría Interna | Q14: SI | R14: 5 | S14: Líder Auditado | T14: Manual | U14: 10 | V14: SI | W14: 15 | X14: Por cada auditoría | Y14: SI | Z14: 10 | AA14: Carta de Representación | AB14: SI | AC14: 30 | AH14: Realizar seguimiento a la implementación de las acciones del plan de mejoramiento y verificar la calidad de la información reportada y sus evidencias. | AI14: SI | AJ14: 15 | AK14: Procedimiento Gestión de planes de mejoramiento | AL14: SI | AM14: 5 | AN14: Control Interno | AO14: Manual | AP14: 10 | AQ14: SI | AR14: 15 | AS14: Por cada plan de mejoramiento | AT14: SI | AU14: 10 | AV14: Formato de seguimiento a planes de mejoramiento | AW14: SI | AX14: 30 | BF14: 2
M15: Verificar las acciones del plan de mejoramiento de acuerdo a los lineamientos metodológicos definidos | N15: SI | O15: 15 | P15: Procedimiento Gestión de planes de mejoramiento | Q15: SI | R15: 5 | S15: Control Interno | T15: Manual | U15: 10 | V15: SI | W15: 15 | X15: Por cada plan de mejoramiento | Y15: SI | Z15: 10 | AA15: Formato revisión metodológica plan de mejoramiento | AB15: SI | AC15: 30 | BF15: 3
M16: Realizar seguimiento a la implementación de las acciones del plan de mejoramiento y verificar la calidad de la información reportada y sus evidencias. | N16: SI | O16: 15 | P16: Procedimiento Gestión de planes de mejoramiento | Q16: SI | R16: 5 | S16: Control Interno | T16: Manual | U16: 10 | V16: SI | W16: 15 | X16: Por cada plan de mejoramiento | Y16: SI | Z16: 10 | AA16: Formato de seguimiento a planes de mejoramiento | AB16: SI | AC16: 30 | BF16: 4
BF17: 5
AD18: 0 | AE18: 0 | AY18: 0 | AZ18: 0 | BF18: 1
BF19: 2
BF20: 3
BF21: 4
BF22: 5
AD23: 0 | AE23: 0 | AY23: 0 | AZ23: 0 | BF23: 1
BF24: 2
BF25: 3
BF26: 4
BF27: 5
AD28: 0 | AE28: 0 | AY28: 0 | AZ28: 0 | BF28: 1
BF29: 2
BF30: 3
BF31: 4
BF32: 5
AD33: 0 | AE33: 0 | AY33: 0 | AZ33: 0 | BF33: 1
BF34: 2
BF35: 3
BF36: 4
BF37: 5
AD38: 0 | AE38: 0 | AY38: 0 | AZ38: 0 | BF38: 1
BF39: 2
BF40: 3
BF41: 4
BF42: 5
AD43: 0 | AE43: 0 | AY43: 0 | AZ43: 0 | BF43: 1
BF44: 2
BF45: 3
BF46: 4
BF47: 5

Sheet JSA CHANCE
G1: RIESGO INHERENTE | M1: Valoración Riesgo Residual (Probabilidad) | AH1: Valoración Riesgo Residual (impacto) | BE1: Valor Riesgo Residual | BG1: PLAN DE TRATAMIENTO
A2: Proceso | B2: Clase | C2: Causas | D2: Riesgo | F2: Consecuencia | G2: Probabilidad | I2: Impacto | K2: Valor del Riesgo | M2: Controles preventivos | N2: Documento | Q2: Responsable | T2: Tipo (M/A) | V2: Fercuencia (Adecuada) | Y2: Evidencia | AB2: Efectividad | AD2: Valor Control | AE2: Puntos | AF2: Probabilidad | AG2: VP | AH2: Controles Correctivos | AI2: Documento | AL2: Responsable | AO2: Tipo (M/A) | AQ2: Fercuencia (Adecuada) | AT2: Evidencia | AW2: Efectividad | AY2: Valor Control | AZ2: Puntos | BA2: # Preguntas con "SI" R. Corrupción | BB2: Objetivo Estratégico | BC2: Impacto | BD2: VI | BE2: V.Riesgo Actual | BF2: Z. Riesgo Actual | BG2: Acción | BI2: Responsable | BJ2: Fecha Inicio | BK2: Fecha Fin | BL2: Entregable
A3: Explotación de JSA | B3: GESTIÓN Y CORRUPCIÓN | C3: 1. Rigidez del marco normativo vigente. 2. Desconocimiento legal y normativo por parte Sector industrial y comercial de Bogotá y demás gestores. | D3: RGC-9 | E3: Disminución de solicitudes de promocionales y rifas | F3: 1. Disminución de los ingresos a la Lotería y transferencias al sector salud. | G3: Probable | H3: 4 | I3: Mayor | J3: 4 | K3: ALTA | L3: 16 | M3: Seguimiento permanente al cumplimiento en la proyección de ingresos. | N3: SI | O3: 15 | P3: Cuadro de mando estratégico | Q3: SI | R3: 5 | S3: Unidad de Apuestas y control de Juegos | T3: Manual | U3: 10 | V3: SI | W3: 15 | X3: Mensual | Y3: SI | Z3: 10 | AA3: Seguimiento cuando de mando integral | AB3: SI | AC3: 30 | AD3: 85 | AE3: 2 | AF3: Improbable | AG3: 2 | AH3: Comité Institucional de Gestión y Desempeño | AI3: SI | AJ3: 15 | AK3: Resolución 68 de 2018 | AL3: SI | AM3: 5 | AN3: Secretaria General | AO3: Manual | AP3: 10 | AQ3: SI | AR3: 15 | AS3: Trimestral | AT3: SI | AU3: 10 | AV3: Acta del Comité | AW3: SI | AX3: 30 | AY3: 85 | AZ3: 2 | BB3: SI | BC3: Menor | BD3: 2 | BE3: 4 | BF3: MEDIA | BG3: 1 | BH3: Actualizar e implementar actividades periódicas encaminadas a sensibilizar a los gestores de promicionales y rifas, sobre el marco normativo aplicable. | BI3: Unidad de Apuestas y Control de Juegos | BJ3: 43466 | BK3: 43800 | BL3: Informes de actividades
M4: Campañas de capacitación a la ciudadanía y sectores involucradas sobre el juego ilegal y el marco normativo de los promocionales y rifas. | N4: SI | O4: 15 | P4: Plan de acción 2018 | Q4: SI | R4: 5 | S4: Unidad de Apuestas y control de Juegos | T4: Manual | U4: 10 | V4: SI | W4: 15 | X4: Trimestral | Y4: SI | Z4: 10 | AA4: Listas de asistencia Piezas de comunicación | AB4: SI | AC4: 30 | BG4: 2
BG5: 3
BG6: 4
BG7: 5
A8: Explotación de JSA | B8: GESTIÓN Y CORRUPCIÓN | C8: 1. Falta de claridad, coherencia y objetividad de los estudios previos y pliego de condiciones. 2. Ausencia de rigorisidad en los controles en la evaluación y adjudicación del proceso licitatorio. 3. Ofrecimiento de dadibas en la adjudicación. 4. Presiones indebídas de terceros con poder político y/o económico. | D8: RGC-15 | E8: Contrato de cocesión para operar el chance con incumplimiento de requisitos | F8: 1. Demandas al proceso licitatorio. 2. Procesos disciplinarios, fiscales y penales. 3. No explotación del chance (Quedarse sin contrato). 4. Disminución de ingresos y transferencias a la salud. | G8: Probable | H8: 4 | I8: Catastrófico | J8: 5 | K8: ALTA | L8: 20 | M8: Revisar y aprobar los estudios, documentos y proyectos de pliegos de condiciones | N8: SI | O8: 15 | P8: Procedimiento de licitación | Q8: SI | R8: 5 | S8: Secretaria General | T8: Manual | U8: 10 | V8: SI | W8: 15 | X8: Cada 5 años y/o Por demanda | Y8: SI | Z8: 10 | AA8: Estudio y Documentos previos aprobados | AB8: SI | AC8: 30 | AD8: 70 | AE8: 1 | AF8: Posible | AG8: 3 | AH8: Grupo de control interno disciplinario | AI8: NO | AJ8: 0 | AK8: Resolución | AL8: SI | AM8: 5 | AN8: Secretaria General | AO8: Manual | AP8: 10 | AQ8: SI | AR8: 0 | AS8: Por demanda | AT8: SI | AU8: 0 | AV8: Expediente por cada caso | AW8: SI | AX8: 30 | AY8: 45 | AZ8: 0 | BB8: SI | BC8: Catastrófico | BD8: 5 | BE8: 15 | BF8: ALTA | BG8: 1 | BH8: Documentar y actualizar el procedimiento de licitación con el fin fortalecer y mejorar la descripción metodológica de todos los controles (Qué se revisa y verifica, criterios de aceptación y rechazo, lineamientos de revisión para disminuir posibles focos de corrupción). | BI8: Secretaria General | BJ8: 43466 | BK8: 43800 | BL8: Procedimiento actualizado
M9: Audiencia de aclaración del pliego de condiciones | N9: SI | O9: 15 | P9: Procedimiento de licitación | Q9: SI | R9: 5 | S9: Secretaria General | T9: Manual | U9: 10 | V9: SI | W9: 15 | X9: Cada 5 años y/o Por demanda | Y9: SI | Z9: 10 | AA9: Acta de audiencia | AB9: SI | AC9: 30 | AH9: Proceso de defensa judicial | AI9: SI | AJ9: 15 | AK9: Procedimiento Gestión Judicial | AL9: SI | AM9: 5 | AN9: Secretaria General | AO9: Manual | AP9: 10 | AQ9: SI | AR9: 15 | AS9: Por demanda | AT9: SI | AU9: 10 | AV9: Expediente por cada caso | AW9: SI | AX9: 30 | BG9: 2
M10: Invitación a los Entes de control en el acompañamiento del proceso licitatorio. | N10: NO | O10: 0 | P10: No está documentado | Q10: SI | R10: 5 | S10: Secretaria General | T10: Manual | U10: 10 | V10: SI | W10: 15 | X10: Cada 5 años y/o Por demanda | Y10: SI | Z10: 10 | AA10: Oficio de invitación | AB10: SI | AC10: 30 | BG10: 3
M11: Realizar de evaluación de propuestas, verificación de requisitos habilitantes, evaluación y preparación de propuestas. | N11: SI | O11: 15 | P11: Procedimiento de licitación | Q11: SI | R11: 5 | S11: Secretaria General | T11: Manual | U11: 10 | V11: SI | W11: 15 | X11: Cada 5 años y/o Por demanda | Y11: SI | Z11: 10 | AA11: Informe de evaluación | AB11: SI | AC11: 30 | BG11: 4
M12: Consultar en la lista o bases de datos de consulta de la ONU y Clinton el estado del proponente y su representate legal | N12: SI | O12: 15 | P12: Procedimiento de licitación | Q12: SI | S12: Unidad de Apuestas y control de Juegos | T12: Manual | U12: 10 | V12: SI | W12: 15 | X12: Cada 5 años y/o Por demanda | Y12: SI | AA12: Registro de consulta | AB12: SI | AC12: 30
M13: Realizar Audiencia de Adjudicación | N13: SI | O13: 15 | P13: Procedimiento de licitación | Q13: SI | R13: 5 | S13: Secretaria General | T13: Manual | U13: 10 | V13: SI | W13: 15 | X13: Cada 5 años y/o Por demanda | Y13: SI | AA13: Acta de audiencia Resolución de adjudicación | AB13: SI | AC13: 30
BG14: 5
A15: Explotación de JSA | B15: GESTIÓN Y CORRUPCIÓN | C15: 1. Ausencia de rigorisidad en los controles de los requisitos para el trámite. 2. Ofrecimiento de dadibas en el trámite. 4. Presiones indebídas de terceros. 5. Soportes del trámite incompletos, adulterados. | D15: RGC-14 | E15: Autorización de promocionales y rifas con incumplimieno de requisitos | F15: 1. Demandas al proceso. 2. Procesos disciplinarios, fiscales y penales. | G15: Posible | H15: 3 | I15: Mayor | J15: 4 | K15: MEDIA | L15: 12 | M15: Recibir, revisar y analizar los documentos suministrados por el solicitante y verificar el cumplimiento de los requisitos exigidos por la le | N15: NO | O15: 0 | P15: Procedimiento de autorización y emisión de conceptos. No están definidos los criterios de revisión. | Q15: SI | R15: 5 | S15: Unidad de Apuestas y control de Juegos | T15: Manual | U15: 10 | V15: SI | W15: 15 | X15: Por demanda | Y15: SI | Z15: 10 | AA15: Concepto de excepción o autorización | AB15: SI | AC15: 30 | AD15: 70 | AE15: 1 | AF15: Improbable | AG15: 2 | AH15: Grupo de control interno disciplinario | AI15: NO | AJ15: 0 | AK15: Resolución | AL15: SI | AM15: 5 | AN15: Secretaria General | AO15: Manual | AP15: 10 | AQ15: SI | AR15: 0 | AS15: Por demanda | AT15: SI | AU15: 0 | AV15: Expediente por cada caso | AW15: SI | AX15: 30 | AY15: 45 | AZ15: 0 | BB15: NO | BC15: Mayor | BD15: 4 | BE15: 8 | BF15: MEDIA | BG15: 1 | BH15: Actualizar y aprobar el procedimiento de autorización y emisión de concepto, con el fin de mejorar la descripción de los controles. Es necesario definir que se revisa por cada uno de los requisitos y cuales son los criterios de aceptación o rechazo. | BI15: Unidad de Apuestas y Control de Juegos | BJ15: 43466 | BK15: 43800 | BL15: Documento metodológico actualizado
AH16: Proceso de defensa judicial | AI16: SI | AJ16: 15 | AK16: Procedimiento Gestión Judicial | AL16: SI | AM16: 5 | AN16: Secretaria General | AO16: Manual | AP16: 10 | AQ16: SI | AR16: 15 | AS16: Por demanda | AT16: SI | AU16: 10 | AV16: Expediente por cada caso | AW16: SI | AX16: 30 | BG16: 2
BG17: 3
BG18: 4
BG19: 5
A20: Explotación de JSA | B20: GESTIÓN | C20: 1. Errores en el cálculo de los inventarios disponibles para le entrega inmediata 2. Demoras en la entrega de la firma impresora de los formularios 3. Demoras o negligencia interna en el trámite administrativo de facturación de formularios. | D20: RGC-16 | E20: Incumplimiento en la entrega de formularios para la operación del chance | F20: 1. Procesos disciplinarios, fiscales y penales. 2. Disminución de ingresos y transferencias a la salud. | G20: Posible | H20: 3 | I20: Mayor | J20: 4 | K20: MEDIA | L20: 12 | M20: Visitas a las instalaciones del impresor para verificar la existencia de los formularios. | N20: SI | O20: 15 | P20: Procedimeinto facturación instrumentos de juego | Q20: SI | R20: 5 | S20: Unidad de Apuestas y control de Juegos | T20: Manual | U20: 10 | V20: SI | W20: 15 | X20: Semestral | Y20: SI | Z20: 10 | AA20: Informe de visita | AB20: SI | AC20: 30 | AD20: 85 | AE20: 2 | AF20: Excepcional | AG20: 1 | AH20: Requerimientos al impresor en caso de presentarse alguna no conformidad. | AI20: SI | AJ20: 15 | AK20: Procedimeinto facturación instrumentos de juego | AL20: SI | AM20: 5 | AN20: Unidad de Apuestas y control de Juegos | AO20: Manual | AP20: 10 | AQ20: SI | AR20: 15 | AS20: Por evento | AT20: SI | AU20: 10 | AV20: Oficio de requerimiento | AW20: SI | AX20: 30 | AY20: 85 | AZ20: 2 | BB20: SI | BC20: Menor | BD20: 2 | BE20: 2 | BF20: BAJA | BG20: 1 | BH20: NA | BI20: NA | BJ20: NA | BK20: NA | BL20: NA
M21: Reporte del impresor sobre la producción semanal, para establecer alertas tempranas sobre el control de las existencias. | N21: SI | O21: 15 | P21: Procedimeinto facturación instrumentos de juego | Q21: SI | R21: 5 | S21: Unidad de Apuestas y control de Juegos | T21: Manual | U21: 10 | V21: SI | W21: 15 | X21: Semanal | Y21: SI | Z21: 10 | AA21: Correo electrónico | AB21: SI | AC21: 30 | BG21: 2
BG22: 3
BG23: 4
BG24: 5
A25: Explotación de JSA | B25: GESTIÓN | C25: 1. Desactualización del plan de contingencia del proceso del sorteo. 2. Fallas tecnológicas de las plataformas que intervienen. | D25: RGC-44 | E25: Fallas en la realización del sorteo de chance | F25: 1. Retrazos en la realización del sorteo. 2. Afectación de la credibilidad de la Entidad. 3. Sanciones por parte de los entes de control. | G25: Posible | H25: 3 | I25: Moderado | J25: 3 | K25: MEDIA | L25: 9 | M25: Elaboración, revisión y actualización del plan de contingencia | N25: NO | O25: 0 | P25: No está documentado | Q25: SI | R25: 5 | S25: Unidad de Apuestas y control de Juegos | T25: Manual | U25: 10 | V25: SI | W25: 15 | X25: Por cada sorteo | Y25: SI | Z25: 10 | AA25: Plan de contingencia | AB25: NO | AC25: 0 | AD25: 40 | AE25: 0 | AF25: Posible | AG25: 3 | AH25: Plan de contingencia | AI25: SI | AJ25: 15 | AK25: Plan de contingencia | AL25: SI | AM25: 5 | AN25: Unidad de Apuestas y control de Juegos | AO25: Manual | AP25: 10 | AQ25: SI | AR25: 15 | AS25: Por demanda | AT25: SI | AU25: 10 | AV25: Registros | AW25: SI | AX25: 30 | AY25: 85 | AZ25: 2 | BB25: NO | BC25: Insignificante | BD25: 1 | BE25: 3 | BF25: MEDIA | BG25: 1 | BH25: Definir y documentar los lineamientos que definen la manera en que re revisa y actualiza el plan de contingencia en Apuestas Permanentes | BI25: Unidad de Apuestas y Control de Juegos | BJ25: 43466 | BK25: 43800 | BL25: Documento metodológico
BG26: 2
BG27: 3
BG28: 4
BG29: 5
AD30: 0 | AE30: 0 | AY30: 0 | AZ30: 0 | BG30: 1
BG31: 2
BG32: 3
BG33: 4
BG34: 5

Sheet JSA LOTERIA
G1: RIESGO INHERENTE | M1: Valoración Riesgo Residual (Probabilidad) | AH1: Valoración Riesgo Residual (impacto) | BE1: Valor Riesgo Residual | BG1: PLAN DE TRATAMIENTO
A2: Proceso | B2: Clase | C2: Causas | D2: Riesgo | F2: Consecuencia | G2: Probabilidad | I2: Impacto | K2: Valor del Riesgo | M2: Controles preventivos | N2: Documento | Q2: Responsable | T2: Tipo (M/A) | V2: Fercuencia (Adecuada) | Y2: Evidencia | AB2: Efectividad | AD2: Valor Control | AE2: Puntos | AF2: Probabilidad | AG2: VP | AH2: Controles Correctivos | AI2: Documento | AL2: Responsable | AO2: Tipo (M/A) | AQ2: Fercuencia (Adecuada) | AT2: Evidencia | AW2: Efectividad | AY2: Valor Control | AZ2: Puntos | BA2: # Preguntas con "SI" R. Corrupción | BB2: Objetivo Estratégico | BC2: Impacto | BD2: VI | BE2: V.Riesgo Actual | BF2: Z. Riesgo Actual | BG2: Acción | BI2: Responsable | BJ2: Fecha Inicio | BK2: Fecha Fin | BL2: Entregable
A3: Explotación de JSA | B3: GESTIÓN Y CORRUPCIÓN | C3: 1.Inconsistencias en el reporte de retenidos generado semanalmente. 2. Estados de cuenta incorrectos o desactualizados 3. Criterios de control de garantías de distribuidores con vacios en responsabilidad y tiempo de vigencia. 4. No existen lineamientos sobre ausencias de personal en los controles de garantias. 5. Ofrecimiento de beneficios por parte de terceros | D3: RGC-10 | E3: Entrega o retención de billeteria a distribuidores con incumplimiento de requisitos. Nota: Se debe entender que el incumplimiento de requisitos incorpora los casos en los cuales se retiene erroneamente un despacho a un distribuidor que cumple con los requisitos. | F3: 1. Incremento de cartera vencida 2. Perdida de garantias en un cobro jurídico 3. Apertura de procesos disciplinarios 4. Hallazgos de entes de control | G3: Probable | H3: 4 | I3: Mayor | J3: 4 | K3: ALTA | L3: 16 | M3: Reporte semanal por parte de la Unidad Financiera y Contable de los distribuidotres retenidos. | N3: SI | O3: 15 | P3: Procedimiento Asiganación y distribución de billetería | Q3: SI | R3: 5 | S3: Unidad Financiera y Contable | T3: Manual | U3: 10 | V3: SI | W3: 15 | X3: Semanal | Y3: SI | Z3: 10 | AA3: Oficio semanal de retenidos | AB3: SI | AC3: 30 | AD3: 85 | AE3: 2 | AF3: Improbable | AG3: 2 | AH3: Realizar oficio con autorización de despacho cuando un distribuidor retenido cumple los requisitos. | AI3: SI | AJ3: 15 | AK3: No está documentado | AL3: SI | AM3: 5 | AN3: Unidad Financiera y Contable | AO3: Manual | AP3: 10 | AQ3: SI | AR3: 15 | AS3: Por demanda | AT3: SI | AU3: 10 | AV3: Oficio de comunicación | AW3: SI | AX3: 30 | AY3: 85 | AZ3: 2 | BB3: SI | BC3: Menor | BD3: 2 | BE3: 4 | BF3: MEDIA | BG3: 1 | BH3: Actualizar el procedimiento de Asiganación y distribución de billetería para fortalecer en descripción de criterios y lineamientos el control de retenidos e incorporar: 1. Control correctivo de autorización de despacho, 2. Concepto de la Secertaría General sobre el estado de las garantias de los distribuidores. | BI3: Unidad Lotería Secretaria General | BJ3: 43466 | BK3: 43800 | BL3: Documento metodológico
M4: Realizar autorización de despacho a la firma impresora. | N4: SI | O4: 15 | P4: Procedimiento Asiganación y distribución de billetería | Q4: SI | R4: 5 | S4: Unidad de Lotería | T4: Manual | U4: 10 | V4: SI | W4: 15 | X4: Semanal | Y4: SI | Z4: 10 | AA4: Correo Electrónico de despacho | AB4: SI | AC4: 30 | BG4: 2 | BH4: Analizar, definir y documentar los lineamientos claros del concepto semanal del estado de las ganatias por parte de la Secretaría General. Se debe incorporar lineamientos de responsabilidad, frecuencia, horario, medios, soporte en ausencias. Debe cambiarse el concepto de proporcionar un listado, por el de generar un concepto sobre el estado de las garantías con el fin que dentro de su campo y rol efectue un análisis y genere alertas sobre vencimientos. | BI4: Secretaría General Subgerencia Unidad Talento Humano | BJ4: 43466 | BK4: 43800 | BL4: Documento metodológico
BG5: 3
BG6: 4
BG7: 5
A8: Explotación de JSA | B8: GESTIÓN | C8: 1. Escasa inversión publicitaria °Plan de Premios poco competitivo 2. Insuficiente entendimiento del mercado 3. Inadecuada estructuración del plan de premios: El plan de premios no se ajusta a las expectativas y necesidades de los clientes. 4. Falta de seguimiento y análisis a la información de las la ejecución de las ventas. 5. Poco acceso a la información. | D8: RGC-11 | E8: Pérdida de mercado local de loterías / menores ventas de Lotería | F8: 1. Disminución en las transferencias al sector salud 2. Disminución de la rentabilidad del negocio 3. Disminución y/o ajustes presupuestales a los costos y gastos proyectados | G8: Probable | H8: 4 | I8: Moderado | J8: 3 | K8: MEDIA | L8: 12 | M8: Realización de un plan anual de mercadeo y comunicaciones (incentivos) | N8: SI | O8: 15 | P8: Procedimiento Elaboración Plan de mercadeo | Q8: SI | R8: 5 | S8: Subgerencia Comercial | T8: Manual | U8: 10 | V8: SI | W8: 15 | X8: Anual | Y8: SI | Z8: 10 | AA8: Plan de mercadeo | AB8: SI | AC8: 30 | AD8: 70 | AE8: 1 | AF8: Posible | AG8: 3 | AH8: Seguimiento semanal a la ejecición de ventas a través de los indicadores | AI8: SI | AJ8: 15 | AK8: Ficha técnica de indicadores | AL8: SI | AM8: 5 | AN8: Unidad de Lotería | AO8: Manual | AP8: 10 | AQ8: SI | AR8: 15 | AS8: Semanal | AT8: SI | AU8: 10 | AV8: Informe de resultados por sorteo Cuadro de mando | AW8: SI | AX8: 30 | AY8: 45 | AZ8: 0 | BB8: SI | BC8: Moderado | BD8: 3 | BE8: 9 | BF8: MEDIA | BG8: 1 | BH8: Actualizar y fortalecer el documento metodológico respectivo con el fin de incorporar las actividades y controles necesarios para describir los métodos y criterios por medio del cual la Lotería efectua el seguimiento y los ajustes al plan de premios y plan de mercadeo. | BI8: Subgerencia General | BJ8: 43466 | BK8: 43800 | BL8: Documento metodológico
M9: Revisión y actualización anual del plan de premios | N9: NO | O9: 0 | P9: No está documentado | Q9: SI | R9: 5 | S9: Gerencia General Subgerencia Comercial | T9: Manual | U9: 10 | V9: SI | W9: 15 | X9: Anual | Y9: SI | Z9: 10 | AA9: Plan de premios | AB9: SI | AC9: 30 | AH9: Revisión y ajuste del plan de mercadeo y del plan de premios | AI9: NO | AJ9: 0 | AK9: No está documentado | AL9: SI | AM9: 5 | AN9: Gerencia Subgerencia General | AO9: Manual | AP9: 10 | AQ9: NO | AR9: 0 | AS9: No está definida | AT9: NO | AU9: 0 | AV9: No se realizan modificaciones sobre el plan inicialmente aprobado | AW9: SI | AX9: 30 | BG9: 2 | BH9: Mejorar y documentar el análisis de la efectividad de las estrategias de mercado. | BI9: Subgerencia General | BJ9: 43466 | BK9: 43800 | BL9: Informe de análisis
M10: Seguimiento semanal a la ejecución de ventas a travész de los indicadpores | N10: SI | O10: 15 | P10: Ficha técnica de indicadores | Q10: SI | R10: 5 | S10: Unidad de Lotería | T10: Manual | U10: 10 | V10: SI | W10: 15 | X10: Semanal | Y10: SI | Z10: 10 | AA10: Informe de resultados por sorteo Cuadro de mando | AB10: SI | AC10: 30 | BG10: 3
BG11: 4
BG12: 5
A13: Explotación de JSA | B13: GESTIÓN Y CORRUPCIÓN | C13: 1. Perdida de los premios recibidos de los distribuidores. 2. Sustracción de los billetes ganadores. 3. Deficiencia en la seguridad física de la Unidad de Loterías. 4. Falta de camaras de seguridad. 5. Responsabilidad diluida de los funcionarios que intervienen. Existe una única responsabilidad, pero otros funcionarios intervienne en la manipualación de los billetes ganadores. 6. Ausencia y/o inconsistencias (soportes, falsificaciones) del registro que refleja la relación de premios que envia el distribuidor. 7. Inconsistencias en la recolección y entrega de los premios por parte de la transportadora. | D13: RGC-12 | E13: Inadecuado reconocimiento de premios | F13: 1. Estados de cuenta incorrectos 2. Apertura de procesos disciplinarios 3. Apertura de procesos penales | G13: Probable | H13: 4 | I13: Moderado | J13: 3 | K13: MEDIA | L13: 12 | M13: Control de recepción en la entrega de premios por parte de la transportadora. | N13: SI | O13: 15 | P13: Procedimiento Lectura de premios | Q13: SI | R13: 5 | S13: Unidad de Lotería | T13: Manual | U13: 10 | V13: SI | W13: 15 | X13: Semanal | Y13: SI | Z13: 10 | AA13: Base de datos aplicativpo Comercial Reporte de validación de premios | AB13: SI | AC13: 30 | AD13: 40 | AE13: 0 | AF13: Probable | AG13: 4 | AH13: Proceso de ajuste al reconocimiento de premios | AI13: NO | AJ13: 0 | AK13: No está documentado | AL13: SI | AM13: 5 | AN13: Unidad de Lotería | AO13: Manual | AP13: 10 | AQ13: SI | AR13: 15 | AS13: Por demanda | AT13: SI | AU13: 10 | AV13: Registro de ajuste | AW13: SI | AX13: 30 | AY13: 45 | AZ13: 0 | BB13: NO | BC13: Moderado | BD13: 3 | BE13: 12 | BF13: MEDIA | BG13: 1 | BH13: Actualizar y documentar el control de perforación de billetes en el procedimiento respectivo. | BI13: Unidad Lotería | BJ13: 43466 | BK13: 43800 | BL13: Documento metodológico
M14: Requerimiento al distribuidor en las inconsistencias detectadas, Copia a cartera | N14: SI | O14: 15 | P14: Procedimiento Lectura de premios | Q14: SI | R14: 5 | S14: Unidad de Lotería | T14: Manual | U14: 10 | V14: SI | W14: 15 | X14: Por demanda | Y14: SI | Z14: 10 | AA14: Oficio de requerimiento | AB14: SI | AC14: 30 | AH14: Grupo de control interno disciplinario | AI14: NO | AJ14: 0 | AK14: Resolución XXX | AL14: SI | AM14: 5 | AN14: Secretaria General | AO14: Manual | AP14: 10 | AQ14: NO | AR14: 0 | AS14: Por demanda | AT14: SI | AU14: 0 | AV14: Expediente por cada caso | AW14: SI | AX14: 30 | BG14: 2 | BH14: Definir y documentar los lineamientos sobre el uso, disposición y revisión del CCTV sobre el área protegida de unidad de lotería. | BI14: Subgerencia General | BJ14: 43466 | BK14: 43800 | BL14: Documento metodológico
M15: Apertura de bolsas de premios para realizar perforación. | N15: NO | O15: 0 | P15: No está documentado | Q15: SI | R15: 5 | S15: Unidad de Lotería | T15: Manual | U15: 10 | V15: SI | W15: 15 | X15: Semanal | Y15: SI | Z15: 10 | AA15: Billete perforado | AB15: SI | AC15: 30 | BG15: 3 | BH15: Realizar los ajustes y reubicaciones respectivas del CCTV en el área de Unidad de Loterías. | BI15: Unidad de Reecursos físicos | BJ15: 43466 | BK15: 43800 | BL15: NA
M16: Existe un CCTV para el ingreso a la loteria y 2 cámaras más para la unidad de Lotería. | N16: NO | O16: 0 | P16: No está documentado | Q16: SI | R16: 5 | S16: Unidad de Recursos Físicos | T16: Manual | U16: 10 | V16: SI | W16: 15 | X16: Permanente | Y16: SI | Z16: 10 | AA16: Disco duro del CCTV | AB16: NO | AC16: 0 | BG16: 4 | BH16: Documentar en el documento metodológico respectivo las actividades que describan y definan la manera en que se gestiona, controla y oficializa los ajustes al treconocimiento de premios. | BI16: Unidad Lotería | BJ16: 43466 | BK16: 43800 | BL16: Documento metodológico
BG17: 5 | BJ17: 43466 | BK17: 43800
A18: Explotación de JSA | B18: GESTIÓN | C18: 1. Desactualización del plan de contingencia del proceso del sorteo. 2. Fallas tecnológicas de las plataformas que intervienen. | D18: RGC-13 | E18: Fallas en la realización del sorteo | F18: 1. Retrazos en la realización del sorteo. 2. Afectación de la credibilidad de la Entidad. 3. Sanciones por parte de los entes de control. | G18: Posible | H18: 3 | I18: Mayor | J18: 4 | K18: MEDIA | L18: 12 | M18: Contratación de una empresa que realiza mantenimiento de máquinas y asistencia técnica en cada sorteo | N18: SI | O18: 15 | P18: Procedimiento Revisión y mantenimiento de equipos de sorteo | Q18: SI | R18: 5 | S18: Unidad de Lotería | T18: Manual | U18: 10 | V18: SI | W18: 15 | X18: Por cada sorteo | Y18: SI | Z18: 10 | AA18: Informe de mantenimiento de equipos | AB18: SI | AC18: 30 | AD18: 40 | AE18: 0 | AF18: Posible | AG18: 3 | AH18: Plan de contingencia | AI18: SI | AJ18: 15 | AK18: Plan de contingencia | AL18: SI | AM18: 5 | AN18: Unidad de Lotería | AO18: Manual | AP18: 10 | AQ18: SI | AR18: 15 | AS18: Por demanda | AT18: SI | AU18: 10 | AV18: Registros | AW18: NO | AX18: 0 | AY18: 55 | AZ18: 1 | BC18: Moderado | BD18: 3 | BE18: 9 | BF18: MEDIA | BG18: 1 | BH18: Realizar actualización al Plan de contingencia de Loteria. | BI18: Unidad de Lotería | BJ18: 43466 | BK18: 43800 | BL18: Plande contingencia
M19: Contratación de una empresa para la realización y transmisión del sorteo | N19: SI | O19: 15 | P19: Procedimiento Realización sorteo Lotería | Q19: SI | R19: 5 | S19: Unidad de Lotería | T19: Manual | U19: 10 | V19: SI | W19: 15 | X19: Por cada sorteo | Y19: SI | Z19: 10 | AA19: CD con la grabación del sorteo | AB19: SI | AC19: 30 | BG19: 2 | BH19: Socializar y capacitar en el plan de contingencia | BI19: Unidad de Lotería | BJ19: 43466 | BK19: 43800 | BL19: Lista de asistencia Material de difusión
M20: Elaboración, revisión y actualización del plan de contingencia | N20: NO | O20: 0 | P20: No está documentado | Q20: SI | R20: 5 | S20: Subgerencia Comercial Unidad de Lotería | T20: Manual | U20: 10 | V20: SI | W20: 15 | X20: Por cada sorteo | Y20: SI | Z20: 10 | AA20: Plan de contingencia | AB20: NO | AC20: 0 | BG20: 3 | BH20: Definir y documentar los lineamientos que definen la manera en que re revisa y actualiza el plan de contingencia en la Lotería | BI20: Unidad de Lotería | BJ20: 43466 | BK20: 43800 | BL20: Documento metodológico
M21: Acceso restringido a la boveda donde se custodia los equipos del sorteo | N21: NO | O21: 0 | P21: No está documentado | Q21: SI | R21: 5 | S21: Unidad de Lotería | T21: Manual | U21: 10 | V21: SI | W21: 15 | X21: Por cada sorteo | Y21: SI | Z21: 10 | AA21: Listado de personal autorizadio | AB21: SI | AC21: 30 | BG21: 4
BG22: 5
AD23: 0 | AE23: 0 | AY23: 0 | AZ23: 0 | BG23: 1
BG24: 2
BG25: 3
BG26: 4
BG27: 5
AD28: 0 | AE28: 0 | AY28: 0 | AZ28: 0 | BG28: 1
BG29: 2
BG30: 3
BG31: 4
BG32: 5

Sheet FINANCIERA
G1: RIESGO INHERENTE | M1: Valoración Riesgo Residual (Probabilidad) | AH1: Valoración Riesgo Residual (impacto) | BE1: Valor Riesgo Residual | BG1: PLAN DE TRATAMIENTO
A2: Proceso | B2: Clase | C2: Causas | D2: Riesgo | F2: Consecuencia | G2: Probabilidad | I2: Impacto | K2: Valor del Riesgo | M2: Controles preventivos | N2: Documento | Q2: Responsable | T2: Tipo (M/A) | V2: Fercuencia (Adecuada) | Y2: Evidencia | AB2: Efectividad | AD2: Valor Control | AE2: Puntos | AF2: Probabilidad | AG2: VP | AH2: Controles Correctivos | AI2: Documento | AL2: Responsable | AO2: Tipo (M/A) | AQ2: Fercuencia (Adecuada) | AT2: Evidencia | AW2: Efectividad | AY2: Valor Control | AZ2: Puntos | BA2: # Preguntas con "SI" R. Corrupción | BB2: Objetivo Estratégico | BC2: Impacto | BD2: VI | BE2: V.Riesgo Actual | BF2: Z. Riesgo Actual | BG2: Acción | BI2: Responsable | BJ2: Fecha Inicio | BK2: Fecha Fin | BL2: Entregable
A3: Gestión de Recursos Administrativos y Financieros | B3: GESTIÓN | C3: 1. La información (hechos económicos) de costos y gastos no llegue oportunamente por parte de los terceros antes del cierre del periodo contable. 2. Falta de conocimiento en la aplicación de las normas contables vigentes por parte de los profesionales que intervienen. 3. Errores en la parametrización del sistema contable en los cargues automáticos. 4. Errores en la información de ingresos, costos y gastos que se registra en la contabilidad en forma automática (Alto volumén de partidas conciliatorias). | D3: RGC-27 | E3: No razonabilidad de los estados financieros (Falta de coherencia y veracidad). | F3: 1. Sanciones por parte de los entes de control 2. Toma de decisiones con información incorrecta 3. Reprocesos y/o desgaste administrativo | G3: Probable | H3: 4 | I3: Mayor | J3: 4 | K3: ALTA | L3: 16 | M3: Análisis, verificación y conciliación oportuna de los datos económicos registrados en los estados financieros vs la información fuente de los hechos económicos. | N3: SI | O3: 15 | P3: Manual de políticas contables Resolución XXX Procedimiento Gestión de estados financieros no tiene documentado claramente los controles | Q3: SI | R3: 5 | S3: Profesional Grado IV "Contador" | T3: Manual | U3: 10 | V3: SI | W3: 15 | X3: Mensual | Y3: SI | Z3: 10 | AA3: Conciliación de las partes involucradas | AB3: SI | AC3: 30 | AD3: 85 | AE3: 2 | AF3: Improbable | AG3: 2 | AH3: Informar mensualmente a la secretaria general sobre la información que no ha sido reportada oportunamente a contabilidad | AI3: NO | AJ3: 0 | AK3: No está documentado | AL3: SI | AM3: 5 | AN3: Profesional Grado IV "Contador" | AO3: Manual | AP3: 10 | AQ3: SI | AR3: 15 | AS3: Mensual | AT3: NO | AU3: 0 | AV3: Comunicados | AW3: SI | AX3: 30 | AY3: 60 | AZ3: 1 | BB3: SI | BC3: Moderado | BD3: 3 | BE3: 6 | BF3: MEDIA | BG3: 1 | BH3: Documentar e implementar actividades de revisión periódica de toda la parametrización del sistema contable y cada vez que existan cambios en el marco normativo. Analizar el rol más idoneo para sostener la actividad periódica de control. | BI3: Profesional especializado de sistemas Profesional Grado IV Contabilidad | BJ3: 43466 | BK3: 43800 | BL3: Documento metodológico
M4: Capacitación permanente del personal involucrado en el proceso contable | N4: SI | O4: 15 | P4: Procedimiento capacitación y formación | Q4: SI | R4: 5 | S4: Jefe Unidad Talento Humano | T4: Manual | U4: 10 | V4: SI | W4: 15 | X4: Anual | Y4: SI | Z4: 10 | AA4: Registros de capacitación | AB4: SI | AC4: 30 | BG4: 2 | BH4: Actualizar las políticas operativas del proceso de gestión financiera con el fin de incorporar lineamientos de control. | BI4: Jefe Unidad Financiera y Contable | BJ4: 43466 | BK4: 43800 | BL4: Documento metodológico
M5: Gestión preventiva a través comunicados sobre los plazos límite del reporte de información. | N5: SI | O5: 15 | P5: No está docuemtado | Q5: SI | R5: 5 | S5: Jefe Unifdad Fionanciera y Contable | T5: Manual | U5: 10 | V5: SI | W5: 15 | X5: Mensual | Y5: SI | Z5: 10 | AA5: Comunicados | AB5: SI | AC5: 30 | BG5: 3
BG6: 4
BG7: 5
A8: Gestión de Recursos Administrativos y Financieros | B8: GESTIÓN Y CORRUPCIÓN | C8: 1. Hurto intencionado por parte de funcionarios y/o terceros. 2. Filtración de información de seguridad en las combinaciones de la cajas fuertes. 3. Falta de controles adecuados. | D8: RGC-29 | E8: Perdida de títulos de valor | F8: 1. Reposición de título valor por perdida 2. Uso no autorizado de títulos valor 3. Perdida de recursos 4. Procesos disciplinarios 5. Hallazgos de netes de control | G8: Probable | H8: 4 | I8: Catastrófico | J8: 5 | K8: ALTA | L8: 20 | M8: Token de acceso a protales bancarios | N8: NO | O8: 0 | P8: No existe documento que describa las condiciones y políticas de seguridad y uso de token | Q8: SI | R8: 5 | S8: Tesorería | T8: Manual | U8: 10 | V8: SI | W8: 15 | X8: Permanente | Y8: SI | Z8: 10 | AA8: Acta de entrega | AB8: SI | AC8: 30 | AD8: 70 | AE8: 1 | AF8: Posible | AG8: 3 | AH8: Proceso de reposición de títulos valor y token de seguridad | AI8: SI | AJ8: 15 | AK8: Procedimiento del banco respectivo | AL8: SI | AM8: 5 | AN8: Tesorería | AO8: Manual | AP8: 10 | AQ8: SI | AR8: 15 | AS8: Por demanda | AT8: SI | AU8: 10 | AV8: Denuncia Resgistros de reposición | AW8: SI | AX8: 30 | AY8: 85 | AZ8: 2 | BB8: NO | BC8: Moderado | BD8: 3 | BE8: 9 | BF8: MEDIA | BG8: 1 | BH8: Documentar y aprobar documento con las políticas y disposiciones de seguridad para token, bovedas de seguridad y títulos valor. | BI8: Jefe Unidad Financiera y Contable | BJ8: 43466 | BK8: 43800 | BL8: Documento Metodológico
M9: Bovedas de seguridad para custodia de documentos | N9: NO | O9: 0 | P9: No existe documento que describa las condiciones y políticas de seguridad y uso de bovedas de seguridad | Q9: SI | R9: 5 | S9: Tesorería | T9: Manual | U9: 10 | X9: Permanente | Y9: SI | Z9: 10 | AA9: Acta de entrega | AB9: SI | AC9: 30 | BG9: 2
M10: Políticas de seguridad para la firma y sellos de cheques | N10: NO | O10: 0 | P10: No existe documento que permita definir el proceso de apertura, control y cierre de las cuentas bancarias. | Q10: SI | R10: 5 | S10: Tesorería | T10: Manual | U10: 10 | X10: Permanente | Y10: SI | Z10: 10 | AA10: Ordenes de pago Registro en el aplicativo financiero | AB10: SI | AC10: 30 | BG10: 3
M11: Inventario mensual de cheuqes | N11: NO | O11: 0 | P11: No está documentado | Q11: SI | R11: 5 | S11: Tesorería | T11: Manual | U11: 10 | X11: Mensual | Y11: SI | Z11: 10 | AA11: Acta de inventario de cheques | AB11: SI | AC11: 30 | BG11: 4
BG12: 5
AD13: 0 | AE13: 0 | AY13: 0 | AZ13: 0 | BG13: 1
BG14: 2
BG15: 3
BG16: 4
BG17: 5

Sheet BYS
G1: RIESGO INHERENTE | M1: Valoración Riesgo Residual (Probabilidad) | AH1: Valoración Riesgo Residual (impacto) | BE1: Valor Riesgo Residual | BG1: PLAN DE TRATAMIENTO
A2: Proceso | B2: Clase | C2: Causas | D2: Riesgo | F2: Consecuencia | G2: Probabilidad | I2: Impacto | K2: Valor del Riesgo | M2: Controles preventivos | N2: Documento | Q2: Responsable | T2: Tipo (M/A) | V2: Fercuencia (Adecuada) | Y2: Evidencia | AB2: Efectividad | AD2: Valor Control | AE2: Puntos | AF2: Probabilidad | AG2: VP | AH2: Controles Correctivos | AI2: Documento | AL2: Responsable | AO2: Tipo (M/A) | AQ2: Fercuencia (Adecuada) | AT2: Evidencia | AW2: Efectividad | AY2: Valor Control | AZ2: Puntos | BA2: # Preguntas con "SI" R. Corrupción | BB2: Objetivo Estratégico | BC2: Impacto | BD2: VI | BE2: V.Riesgo Actual | BF2: Z. Riesgo Actual | BG2: Acción | BI2: Responsable | BJ2: Fecha Inicio | BK2: Fecha Fin | BL2: Entregable
A3: Gestión de bienes y servicios | B3: GESTIÓN Y CORRUPCIÓN | C3: 1. Inadecuado control de inventarios 2. Inadecaudo sitio de almacenamiento 3. Falta de mantenimiento a los bienes 4. Incumplimiento de las condiciones de manipulación y alacenamiento de los bienes 5. Sustracción no autorizada de elementos | D3: RGC-17 | E3: Pérdida o deterioro de elementos o bienes de la Lotería | F3: 1. Perjuicios economicos para al entidad 2. Incumplimiento en las entregas 3. Procesos disciplinarios 4. Procesos penales | G3: Casi seguro | H3: 5 | I3: Menor | J3: 2 | K3: MEDIA | L3: 10 | M3: Realizar inventario (elementos de consumo) físico trimestral | N3: NO | O3: 0 | P3: No está documentado | Q3: SI | R3: 5 | S3: Unidad de Recursos Físicos | T3: Manual | U3: 10 | V3: SI | W3: 15 | X3: Trimestral | Y3: SI | Z3: 10 | AA3: Acta de inventario trimestral | AB3: SI | AC3: 30 | AD3: 70 | AE3: 1 | AF3: Probable | AG3: 4 | AH3: Polizas: 1. Todo Riesgo daños combinados, 2. Poliza de manejo, 3. Poliza contra hurto | AK3: Expediente del grupo de pólizas Contrato | AV3: Pólizas | AY3: 0 | AZ3: 0 | BB3: SI | BC3: Menor | BD3: 2 | BE3: 8 | BF3: MEDIA | BG3: 1 | BH3: Definir y estructurar políticas de protección de datos | BI3: Secretaria General Área Sistemas | BJ3: 43466 | BK3: 43800 | BL3: Política de protección de datos
M4: Realizar inventario (elementos de consumo y bienes) físico anual | N4: SI | O4: 15 | P4: Procedimiento inventario | Q4: SI | R4: 5 | S4: Unidad de Recursos Físicos | T4: Manual | U4: 10 | V4: SI | W4: 15 | X4: Anual | Y4: SI | Z4: 10 | AA4: Acta del Comité Inventario individual firmados Acta de grupo de conteo | AB4: SI | AC4: 30 | BG4: 2 | BH4: Definir e implementar los mecanismos necesarios para el control de visitantes en la Lotería | BI4: Unidad de Recursos Físicos | BJ4: 43466 | BK4: 43800 | BL4: Mecanismo de control de acceso implementado
M5: Verificación de elementos devolutivos cada vez que exista: 1. Vacaciones, 2. Traslados, 3. Retiros. | N5: SI | P5: Procedimiento inventario | Q5: SI | S5: Unidad de Recursos Físicos | T5: Manual | V5: SI | X5: Por demanda | Y5: SI | AA5: Inventario individual firmados | AB5: SI | AC5: 30 | BG5: 3 | BH5: Reubicar e instalación de cámaras de seguridad | BI5: Unidad de Recursos Físicos | BJ5: 43466 | BK5: 43800 | BL5: CCTV actializado
M6: CCTV en el almacén (entrada y interior con sensor de movimiento) y el resto de las instalaciones de la Entidad. | N6: NO | O6: 0 | P6: NA | Q6: SI | R6: 5 | S6: Unidad de Recursos Físicos | T6: Manual | U6: 10 | V6: SI | W6: 15 | X6: Permanente | Y6: SI | Z6: 10 | AA6: CCTV DVR | AB6: SI | AC6: 30 | BG6: 4 | BH6: Actualizar el procedimiento de inventario para incorporar el control trimestral | BI6: Unidad de Recursos Físicos | BJ6: 43466 | BK6: 43800 | BL6: Procedimiento actualizado
BG7: 5 | BJ7: 43466 | BK7: 43800
A8: Gestión de bienes y servicios | B8: GESTIÓN | C8: 1. Inadecuado control de consumos 2. Falta de una politica clara en el consumo de elementos que afectan el medio ambiente 3. Inadecuada selección de proveedores e insumos 4. Pocos controles y seguimiento a las variables o elementos de consumo 5. Poca sensibilización en la cultura y manejo de los recursos. | D8: RGC-18 | E8: Incremento en el consumo de recursos (Agua, Luz, Papel, Toner) que afectan o impactan el medio ambiente | F8: 1. Aumento del gastos de la Entidad 2. Posibles sanciones por mal manejo de politica ambiental 3. Incumplimiento de los compromisos estratégicos 4. Impacto negativo en el medio ambiente | G8: Posible | H8: 3 | I8: Moderado | J8: 3 | K8: MEDIA | L8: 9 | M8: Política de comprar elementos amigables con el medio ambiente para papeleria y cafetería. | N8: NO | O8: 0 | P8: No está documentado | Q8: SI | R8: 5 | S8: Unidad de Recursos Físicos | T8: Manual | U8: 10 | V8: SI | W8: 15 | X8: Por demanda | Y8: SI | Z8: 10 | AA8: Contrato legalizado | AB8: SI | AC8: 30 | AD8: 60 | AE8: 1 | AF8: Improbable | AG8: 2 | AH8: Control del consumo de papeleria por dependencia. | AI8: NO | AJ8: 0 | AK8: No está documentado | AL8: SI | AM8: 5 | AN8: Unidad de Recursos Físicos | AO8: Manual | AP8: 10 | AQ8: SI | AR8: 15 | AS8: Anual | AT8: NO | AU8: 0 | AV8: No está documentado | AW8: SI | AX8: 30 | AY8: 60 | AZ8: 1 | BB8: NO | BC8: Menor | BD8: 2 | BE8: 4 | BF8: MEDIA | BG8: 1 | BH8: Analizar y costear la posibilidad de instalar equipos para medir el consumo de agua de manera independiente para la Lotería. | BI8: Unidad de Recursos Físicos | BJ8: 43466 | BK8: 43800 | BL8: Propuesta técnica
M9: Ahorradores físicos de agua en los puntos consumo. | N9: SI | O9: 15 | P9: PIGA Vigente | Q9: SI | R9: 5 | S9: Unidad de Recursos Físicos | T9: Manual | U9: 10 | V9: SI | W9: 15 | X9: Anual | Y9: SI | Z9: 10 | AA9: Instalaciones y puntos de consumo | AB9: SI | AC9: 30 | BG9: 2 | BH9: Implementar campañas de sensibilización y capacitación sobre el uso y consumop de recursos que afectan el medio ambiente. | BI9: Unidad de Recursos Físicos | BJ9: 43466 | BK9: 43800 | BL9: Piezas de comunicación
M10: Control del consumo de papeleria por dependencia. | N10: NO | O10: 0 | P10: No está documentado | Q10: SI | R10: 5 | S10: Unidad de Recursos Físicos | T10: Manual | U10: 10 | V10: SI | W10: 15 | X10: Anual | Y10: NO | Z10: 0 | AA10: No está documentado | AB10: SI | AC10: 30 | BG10: 3 | BH10: Identificar, analizar y costear mecanismos para eliminar el consumo de vasos desechables a través de la entrega de vaso reutilizable patra los funcionarios. | BI10: Unidad de Recursos Físicos | BJ10: 43466 | BK10: 43800 | BL10: Propuesta técnica
M11: Control de acceso a los dispositivos de impresión (servicio de fotocopiado) en la Lotería | N11: SI | O11: 15 | P11: Contrato con el proveedor | Q11: SI | R11: 5 | S11: Unidad de Recursos Físicos | T11: Manual | U11: 10 | V11: SI | W11: 15 | X11: Permanente | Y11: SI | Z11: 10 | AA11: Reporte de consumo por parte de l proveedor. | AB11: SI | AC11: 30 | BG11: 4 | BH11: Complementar el seguimiento de consumo de agua con la variable del personal flotante en cada periodo. Dependiendo de la actividad 1. | BI11: Unidad de Recursos Físicos | BJ11: 43466 | BK11: 43800 | BL11: Informe de sgestión ambiental
BG12: 5 | BH12: Actualizar el procedimiento de administración de biens con el propósito de documentar el control de consumo de papelería. | BI12: Unidad de Recursos Físicos | BJ12: 43466 | BK12: 43800 | BL12: Documento metodlógico
BG13: 6 | BH13: Documentar y aprobar políticas encaminadas a reglamentar el proceso contractual con los servicios de papelería y cafetería en donde se define la exigencia de uso de elementos amigables con el medio ambiente. | BI13: Unidad de Recursos Físicos | BJ13: 43466 | BK13: 43800 | BL13: Documento metodlógico
A14: Gestión de bienes y servicios | B14: GESTIÓN Y CORRUPCIÓN | C14: 1. Desconocimiento por parte del supervisor de los deberes y obligaciones 2. Omisión de requisitos por favorecer un tercero 3. Poca claridad en los entregables y obligaciones del proveedor o contratista 4. Poco seguimiento y control al trabajo que debe reportar a los suervisores | D14: RGC-19 | E14: Inadecuada supervisión de contratos | F14: 1. Incumplimiento contractual 2. Procesos disciplinarios 3. Perjuicios economicos para al entidad 4. Desgaste administrativo 5. Procesos jurídicos | G14: Probable | H14: 4 | I14: Mayor | J14: 4 | K14: ALTA | L14: 16 | M14: Seguimiento permanente a la ejecución de los contratos por parte de los supervisores. | N14: SI | O14: 15 | P14: Procedimiento seguimiento contractual | Q14: SI | R14: 5 | S14: Supervisor designado | T14: Manual | U14: 10 | V14: SI | W14: 15 | X14: Por demanda | Y14: SI | Z14: 10 | AA14: Formato de re evaluación de proveedores | AB14: SI | AC14: 30 | AD14: 85 | AE14: 2 | AF14: Improbable | AG14: 2 | AH14: Revisión periódica del cumplimiento de los requisitos por patrte de los supervisores | AI14: NO | AJ14: 0 | AK14: No está documentado | AL14: SI | AM14: 5 | AN14: Secretaria General | AO14: Manual | AP14: 10 | AQ14: NO | AR14: 0 | AS14: No está claramente definida | AT14: SI | AU14: 10 | AV14: Reuerimeintos a supervisdores por correo electrónico | AW14: SI | AX14: 30 | AY14: 55 | AZ14: 1 | BC14: Moderado | BD14: 3 | BE14: 6 | BF14: MEDIA | BG14: 1 | BH14: Actalizar el procedimiento de seguimiento contratual con el propósito de diseñar e incorporar lineamientos claros para la fercuenbcia de seguimiento por patrte de los supervisores frente a contratos que no tienen pago mensual. | BI14: Secretaria General | BJ14: 43466 | BK14: 43800 | BL14: Documento metodlógico
BG15: 2 | BH15: Realizar campañas de sensibilización y capacitación a los supervisores de contrato sobre sus obligaciones y consecuencias de una adecuada supervisión. | BI15: Secretaria General | BJ15: 43466 | BK15: 43800 | BL15: Material de capacitación Listas de asistencia
BG16: 3 | BH16: Definir políticas y linemientos claros del control de bienes comprados frente al registro y verificación de almacén. | BI16: Secretaria General | BJ16: 43466 | BK16: 43800 | BL16: Documento metodlógico
BG17: 4 | BH17: Definir y documentar los criterios y métodos por medio del cual se realizará verificación a las actividades registradas por los supervisores. | BI17: Secretaria General | BJ17: 43466 | BK17: 43800 | BL17: Documento metodlógico
BG18: 5 | BJ18: 43466 | BK18: 43800
A19: Gestión de bienes y servicios | B19: GESTIÓN Y CORRUPCIÓN | C19: 1. Falta de seguimiento y control por parte de equipos multi funcionales. 2. 1. Falta de claridad, coherencia y objetividad de los estudios previos y pliego de condiciones. 3. Ofrecimiento de dadibas en la adjudicación y/o selección. 4. Presiones indebídas de terceros con poder político y/o económico. | D19: RGC-45 | E19: Contratar bienes y servicios con incumplimiento de requisitos | F19: 1. Investigaciones disciplinarias, fiscales, penales o administrativas en contra de los servidores públicos y/o contratistas de la Lotería de Bogotá. 2. Sanciones y/o demandas hacia la empresa. 3. Pérdida de imagen institucional. | G19: Probable | H19: 4 | I19: Mayor | J19: 4 | K19: ALTA | L19: 16 | M19: Revisión de los estudios y documentos previos | N19: NO | O19: 0 | P19: No está documentado | Q19: SI | R19: 5 | S19: Secretaría General (Jurídica) | T19: Manual | U19: 10 | V19: SI | W19: 15 | X19: Por demanda | Y19: SI | Z19: 10 | AA19: Correos electrónicos con observaciones | AB19: SI | AC19: 30 | AD19: 70 | AE19: 1 | AF19: Posible | AG19: 3 | AH19: Grupo de control interno disciplinario | AI19: NO | AJ19: 0 | AK19: Resolución XXX | AL19: SI | AM19: 5 | AN19: Secretaria General | AO19: Manual | AP19: 10 | AQ19: SI | AR19: 0 | AS19: Por demanda | AT19: SI | AU19: 0 | AV19: Expediente por cada caso | AW19: SI | AX19: 30 | AY19: 45 | AZ19: 0 | BC19: Mayor | BD19: 4 | BE19: 12 | BF19: MEDIA | BG19: 1 | BH19: Actualizar el procedimiento Contratación por invitación, con el fin de incorporar y describir los criterios de revisión de estudios previos y pliego de condiciones, por parte del directivo del área solicitante y el grupo jurídica dentro de la Secretaria General. | BI19: Secretaria General | BJ19: 43466 | BK19: 43800 | BL19: Documento metodlógico (Procedimeinto actualizado)
M20: Revisión de los pliegos de condiciones | N20: NO | O20: 0 | P20: No está documentado | Q20: SI | R20: 5 | S20: Secretaría General (Jurídica) | T20: Manual | U20: 10 | V20: SI | W20: 15 | X20: Por demanda | Y20: SI | Z20: 10 | AA20: Correos electrónicos con observaciones | AB20: SI | AC20: 30 | AH20: Proceso de defensa judicial | AI20: SI | AJ20: 15 | AK20: Procedimiento Gestión Judicial | AL20: SI | AM20: 5 | AN20: Secretaria General | AO20: Manual | AP20: 10 | AQ20: SI | AR20: 15 | AS20: Por demanda | AT20: SI | AU20: 10 | AV20: Expediente por cada caso | AW20: SI | AX20: 30 | BG20: 2 | BH20: Actualizar el procedimiento Contratación por invitación, con el fin de: describir los criterios y lineamietnos de revisión de pólizas de garantía y la descripción de criterios de rechazo. | BI20: Secretaria General | BJ20: 43466 | BK20: 43800 | BL20: Documento metodlógico (Procedimeinto actualizado)
M21: Revisión técnica por parte del directivo del área solicitante de los estuvios previos y pliego de condiciones. | N21: NO | O21: 0 | P21: No está documentado | Q21: SI | R21: 5 | S21: Directivo del área solicitente | T21: Manual | U21: 10 | V21: SI | W21: 15 | X21: Por demanda | Y21: SI | Z21: 10 | AA21: Correos electrónicos con observaciones | AB21: SI | AC21: 30 | BG21: 3 | BH21: Actualizar el procedimiento Contratación por invitación, con el fin de: describir los criterios y lineamientos de revisión por parte de cada área funcional sobre los documentos soporte del contrato y la respectiva minuta. | BI21: Secretaria General | BJ21: 43466 | BK21: 43800 | BL21: Documento metodlógico (Procedimeinto actualizado)
M22: Publicar pliego de condiciones y realizar la revisión y análisis de las observaciones. | N22: SI | O22: 15 | P22: Procedimiento Contratación por invitación Manual de contratación | Q22: SI | R22: 5 | S22: Directivo del área solicitente | T22: Manual | U22: 10 | V22: SI | W22: 15 | X22: Por demanda | Y22: SI | Z22: 10 | AA22: Publicación Web de documentos | AB22: SI | AC22: 30 | BG22: 4 | BH22: Actualizar el procedimiento Contratación por invitación, con el fin de: Alinearlo a las nuevas disposiciones de evaluación del Manual de contratación vigente. | BI22: Secretaria General | BJ22: 43466 | BK22: 43800 | BL22: Documento metodlógico (Procedimeinto actualizado)
M23: Evaluar propuestas | N23: NO | O23: 0 | P23: Procedimiento Contratación por invitación Manual de contratación | Q23: SI | R23: 5 | S23: Directivo del área solicitente Comité Evaluador | T23: Manual | U23: 10 | V23: SI | X23: Por demanda (Por cada contrato) | Y23: NO | AA23: No está claramente definido | AB23: SI | AC23: 30
M24: Revisar y verificar documentación que soporta la contratación y la minuta del contrato | N24: SI | O24: 15 | P24: Procedimiento Contratación por invitación Manual de contratación | Q24: SI | R24: 5 | S24: Directivo del área solicitente Secretaria General | T24: Manual | U24: 10 | V24: SI | X24: Por demanda (Por cada contrato) | Y24: SI | AA24: Correos electrónicos con observaciones | AB24: SI | AC24: 30
M25: Revisar y aprobar póliza de garantía | N25: SI | O25: 15 | P25: Procedimiento Contratación por invitación Manual de contratación | Q25: SI | R25: 5 | S25: Secretaría General (Jurídica) | T25: Manual | V25: SI | W25: 15 | X25: Por demanda (Por cada contrato) | Y25: SI | Z25: 10 | AA25: Poliza aprobada | AB25: SI | AC25: 30 | BG25: 5
AD26: 0 | AE26: 0 | AY26: 0 | AZ26: 0 | BG26: 1
BG27: 2
BG28: 3
BG29: 4
BG30: 5
AD31: 0 | AE31: 0 | AY31: 0 | AZ31: 0 | BG31: 1
BG32: 2
BG33: 3
BG34: 4
BG35: 5
AD36: 0 | AE36: 0 | AY36: 0 | AZ36: 0 | BG36: 1
BG37: 2
BG38: 3
BG39: 4
BG40: 5
AD41: 0 | AE41: 0 | AY41: 0 | AZ41: 0 | BG41: 1
BG42: 2
BG43: 3
BG44: 4
BG45: 5

Sheet DOCUMENTAL
G1: RIESGO INHERENTE | M1: Valoración Riesgo Residual (Probabilidad) | AH1: Valoración Riesgo Residual (impacto) | BD1: Valor Riesgo Residual | BF1: PLAN DE TRATAMIENTO
A2: Proceso | B2: Clase | C2: Causas | D2: Riesgo | F2: Consecuencia | G2: Probabilidad | I2: Impacto | K2: Valor del Riesgo | M2: Controles preventivos | N2: Documento | Q2: Responsable | T2: Tipo (M/A) | V2: Fercuencia (Adecuada) | Y2: Evidencia | AB2: Efectividad | AD2: Valor Control | AE2: Puntos | AF2: Probabilidad | AG2: VP | AH2: Controles Correctivos | AI2: Documento | AL2: Responsable | AO2: Tipo (M/A) | AQ2: Fercuencia (Adecuada) | AT2: Evidencia | AW2: Efectividad | AY2: Valor Control | AZ2: Puntos | BA2: Objetivo Estratégico | BB2: Impacto | BC2: VI | BD2: V.Riesgo Actual | BE2: Z. Riesgo Actual | BF2: Acción | BH2: Responsable | BI2: Fecha Inicio | BJ2: Fecha Fin | BK2: Entregable
A3: Gestión Documental | B3: GESTIÓN Y CORRUPCIÓN | C3: 1. Prestamo de documentación sin el debido registro y control 2. Instalaciones que no cumplan con las normas mínimas de conservación. 3. Desastres naturales en las instalaciones respectivas 4. Malas practicas en la manipulación y organización de los archivos y/o expedientes 5. Falta de recursos para el cumplimiento de las disposiciones del programa de gestión documental 6. Debilidades en el control de acceso a las zonas de salvaguarda 7. Falta de capacitación y sensibilización en buenas prácticas 8. Intereses personales con beneficio hacia terceros. | D3: RGC-24 | E3: Perdida y/o daño parcial o total de la confidencialidad e integridad de documentos o expedientes en el archivo. | F3: 1. Perdida de la memoria inbstitucional 2. Apertura de procesos disciplinarios 3. Hallazgos de entes de control | G3: Posible | H3: 3 | I3: Catastrófico | J3: 5 | K3: ALTA | L3: 15 | M3: Prestamo de archivo bajo condiciones controladas y registradas | N3: SI | O3: 15 | P3: Procedimeinto gestión de archivo | Q3: SI | R3: 5 | S3: Unidad de recursos físicos | T3: Manual | U3: 10 | V3: SI | W3: 15 | X3: Por demanda | Y3: SI | Z3: 10 | AA3: Planilla prestamo de documentos SICA | AB3: SI | AC3: 30 | AD3: 70 | AE3: 1 | AF3: Improbable | AG3: 2 | AH3: Recuperación de archivos digitalizados. | AI3: NO | AJ3: 0 | AK3: No está documentado | AL3: SI | AM3: 5 | AN3: Unidad de Recursos Físicos | AO3: Manual | AP3: 10 | AQ3: SI | AR3: 15 | AS3: Por demanda | AT3: SI | AU3: 10 | AV3: Expediente o archivo recuperado | AW3: SI | AX3: 30 | AY3: 70 | AZ3: 1 | BA3: NO | BB3: Mayor | BC3: 4 | BD3: 8 | BE3: MEDIA | BF3: 1 | BG3: Incorporar en el proyecto de inversión para el 2019 nuevos alcances para ampliar el porcentaje de archivo digitalizado y el cumplimiento de las disposiciones del programa de gestión documental. | BH3: Unidad de Recursos Físicos | BI3: 43466 | BJ3: 43800 | BK3: Propuesta de proyecto de inversión
M4: Regitro y control CCTV para las áreas del archivo central | N4: NO | O4: 0 | P4: No está documentado | Q4: SI | R4: 5 | S4: Unidad de recursos físicos | T4: Manual | U4: 10 | V4: SI | W4: 15 | X4: Permanente | Y4: SI | Z4: 10 | AA4: Disco duro del CCTV | AB4: SI | AC4: 30 | BF4: 2 | BG4: Desarrollar charlas de capacitación y sensibilización en el menejo adecuado y alistamiento del archivo para el cumplimiento de las buenas practicas. | BH4: Unidad de Recursos Físicos | BI4: 43466 | BJ4: 43800 | BK4: Listas de asistencia Piezas de comunicación
M5: Control de acceso restringido al personal responsable del archivo | N5: NO | P5: No está documentado | Q5: SI | S5: Unidad de recursos físicos | T5: Manual | V5: SI | X5: Permanente | Y5: SI | AA5: Disco duro del CCTV | AB5: SI | AC5: 30 | BF5: 3 | BG5: Documentar ofialmente las disposiciones y lineamientos encaminados a definir las reglas para el acceso del personal autorizado, disposiciones de seguridad y el control y revisión del CCTV. | BH5: Unidad de Recursos Físicos | BI5: 43466 | BJ5: 43800 | BK5: Documento Metodológico
BF6: 4 | BG6: Documentar los mecanismos por medio del cual la Empresa va a ser uso de la recuperación de los arg¿chivos digitalizados. | BH6: Unidad de Recursos Físicos | BI6: 43466 | BJ6: 43800 | BK6: Documento Metodológico
BF7: 5 | BI7: 43466 | BJ7: 43800
A8: Gestión Documental | B8: GESTIÓN | C8: "1. Falta de conocimiento ( capacitaciones )sobre las políticas y lineamientos de la gestión dcumental en la empresa 2. Poca apropiación de la documentación por parte de los responsables y líderes de proceso. 3. Falta de ( socializacion ) lineamientos o políticas claras sobre la obligatoriedad de la actualización de la documentación en la Empresa." | D8: RGC-25 | E8: Desactualización de la documentación metodológica de la Lotería | F8: 1. Hallazgos de entes de control 2. Incumplimientos de la normatividad interna | G8: Casi seguro | H8: 5 | I8: Moderado | J8: 3 | K8: ALTA | L8: 15 | M8: Auditorias internas de calidad | N8: SI | O8: 15 | P8: Procedimiento Auditoria Interna de Calidad | Q8: SI | R8: 5 | S8: Planeación | T8: Manual | U8: 10 | V8: SI | W8: 15 | X8: Anual | Y8: SI | Z8: 10 | AA8: Informe de auditoría | AB8: SI | AC8: 30 | AD8: 85 | AE8: 2 | AF8: Posible | AG8: 3 | AH8: Actividades relacionadas con el control de documentos | AI8: SI | AJ8: 15 | AK8: Procedimiento Control de documentos | AL8: SI | AM8: 5 | AN8: Planeación | AO8: Manual | AP8: 10 | AQ8: SI | AR8: 15 | AS8: Por demanda | AT8: SI | AU8: 10 | AV8: Listado Maestro de los documentos | AW8: SI | AX8: 30 | AY8: 85 | AZ8: 2 | BA8: NO | BB8: Insignificante | BC8: 1 | BD8: 3 | BE8: MEDIA | BF8: 1 | BG8: Realizar campañas de capacitación y sensibilización sobre la importancia y uso de la documentación metodológica en la Empresa | BH8: Planeación | BI8: 43466 | BJ8: 43800 | BK8: Listas de asistencia Piezas de comunicación
M9: Auditorías internas de gestión | N9: SI | O9: 15 | P9: Procedimiento Evaluación del Sistema de Control Interno | Q9: SI | R9: 5 | S9: Control Interno | T9: Manual | U9: 10 | V9: SI | W9: 15 | X9: Anual | Y9: SI | Z9: 10 | AA9: Informe de auditoría | AB9: SI | AC9: 30 | BF9: 2 | BG9: Analizar la viabilidad de incorporar políticas de vigencia de los documentos con el fin de forzar a los responsables de procesos establecer una revisión periódica de los documentos a su cargo. | BH9: Planeación | BI9: 43466 | BJ9: 43800 | BK9: Políticas operativas actualizadas
M10: Visitas por parte del Archivo de Bogota | N10: SI | O10: 15 | P10: NA | Q10: SI | R10: 5 | S10: Archivo de Bogota | T10: Manual | U10: 10 | V10: SI | W10: 15 | X10: Anual | Y10: SI | Z10: 10 | AA10: Informe de auditoría | AB10: SI | AC10: 30 | BF10: 3
BF11: 4
BF12: 5
AD13: 0 | AE13: 0 | AY13: 0 | AZ13: 0 | BF13: 1
BF14: 2
BF15: 3
BF16: 4
BF17: 5
AD18: 0 | AE18: 0 | AY18: 0 | AZ18: 0 | BF18: 1
BF19: 2
BF20: 3
BF21: 4
BF22: 5
AD23: 0 | AE23: 0 | AY23: 0 | AZ23: 0 | BF23: 1
BF24: 2
BF25: 3
BF26: 4
BF27: 5
AD28: 0 | AE28: 0 | AY28: 0 | AZ28: 0 | BF28: 1
BF29: 2
BF30: 3
BF31: 4
BF32: 5
AD33: 0 | AE33: 0 | AY33: 0 | AZ33: 0 | BF33: 1
BF34: 2
BF35: 3
BF36: 4
BF37: 5
AD38: 0 | AE38: 0 | AY38: 0 | AZ38: 0 | BF38: 1
BF39: 2
BF40: 3
BF41: 4
BF42: 5
AD43: 0 | AE43: 0 | AY43: 0 | AZ43: 0 | BF43: 1
BF44: 2
BF45: 3
BF46: 4
BF47: 5

Sheet TALENTO HUMANO
G1: RIESGO INHERENTE | M1: Valoración Riesgo Residual (Probabilidad) | AH1: Valoración Riesgo Residual (impacto) | BD1: Valor Riesgo Residual | BF1: PLAN DE TRATAMIENTO
A2: Proceso | B2: Clase | C2: Causas | D2: Riesgo | F2: Consecuencia | G2: Probabilidad | I2: Impacto | K2: Valor del Riesgo | M2: Controles preventivos | N2: Documento | Q2: Responsable | T2: Tipo (M/A) | V2: Fercuencia (Adecuada) | Y2: Evidencia | AB2: Efectividad | AD2: Valor Control | AE2: Puntos | AF2: Probabilidad | AG2: VP | AH2: Controles Correctivos | AI2: Documento | AL2: Responsable | AO2: Tipo (M/A) | AQ2: Fercuencia (Adecuada) | AT2: Evidencia | AW2: Efectividad | AY2: Valor Control | AZ2: Puntos | BA2: Objetivo Estratégico | BB2: Impacto | BC2: VI | BD2: V.Riesgo Actual | BE2: Z. Riesgo Actual | BF2: Acción | BH2: Responsable | BI2: Fecha Inicio | BJ2: Fecha Fin | BK2: Entregable
A3: Gestión del talento humano | B3: GESTIÓN | C3: 1. Ausencia de condiciones de aseguramiento, protección y prevención en los espacios laborales 2. No adopción de medidas de autocuidado y protección laboral 3. Jornadas laborales extensas 4. Riesgos laborales no identificados | D3: RGC-37 | E3: Aumento significativo del nivel de accidentalidad del personal | F3: 1. Ausentismo laboral 2. Multas o sanciones 3. Pago de prestaciones asistenciales o económicas. 4. Atrazo en el desempeño organizacional del grupo de trabajo | G3: Posible | H3: 3 | I3: Moderado | J3: 3 | K3: MEDIA | L3: 9 | M3: Proceso de identificación y tratamiento de riesgos laboral | N3: NO | O3: 0 | P3: No está documentado | Q3: SI | R3: 5 | S3: Unidad de Talento Humano | T3: Manual | U3: 10 | V3: NO | W3: 0 | X3: No está claramente definido | Y3: SI | Z3: 10 | AA3: Plan de prevención de riesgos | AB3: SI | AC3: 30 | AD3: 55 | AE3: 1 | AF3: Improbable | AG3: 2 | AH3: Proceso gestión de incidentes y accidentes labotrales | AI3: NO | AJ3: 0 | AK3: No está documentado | AL3: SI | AM3: 5 | AN3: Unidad Talento Humano | AO3: Manual | AP3: 10 | AQ3: SI | AR3: 15 | AS3: por demanda | AT3: SI | AU3: 10 | AV3: Registro de indidentes | AW3: SI | AX3: 30 | AY3: 70 | AZ3: 1 | BA3: NO | BB3: Menor | BC3: 2 | BD3: 4 | BE3: MEDIA | BF3: 1 | BG3: Documentar y aprobar los métodos y criterios para gestionar el panorama de riesgos laborales en la Lotería | BH3: Unidad de Talento Humano | BI3: 43466 | BJ3: 43800 | BK3: Documento metodológico
BF4: 2 | BG4: Documentar y aprobar los métodos y criterios para gestionar los incidentes y accidentes laborales | BH4: Unidad de Talento Humano | BI4: 43466 | BJ4: 43800 | BK4: Documento metodológico
BF5: 3 | BG5: Generar campañas de capacitación y sensibilización sobre las practicas seguras frente a los riesgos laborales identificados | BH5: Unidad de Talento Humano | BI5: 43466 | BJ5: 43800 | BK5: Listas de asistencia Material de capacitación
BF6: 4
BF7: 5
A8: Gestión del talento humano | B8: GESTIÓN | C8: 1. Falta de comunicación vertical y horizontal 2. Falta de reconocimiento 3. Estrés laboral 4. Falta de Motivación 5. Espacio físico no apto para el desempeño de las labores | D8: RGC-38 | E8: Clima organizacional o laboral en niveles no adecuados | F8: 1. Ausentismo laboral 2. Ineficiente gestión del tiempo 3. Retraso en la realización de tareas 4. Resistencia a los cambios institucionales | G8: Probable | H8: 4 | I8: Mayor | J8: 4 | K8: ALTA | L8: 16 | M8: Identificasción e implementación de los planes de capacitación y binestar | N8: SI | O8: 15 | P8: Procedimiento Gestión de Calidad de Vida Laboral Procedimiento Capacitación y Formación | Q8: SI | R8: 5 | S8: Unidad de Talento Humano | T8: Manual | U8: 10 | V8: SI | W8: 15 | X8: Anual | Y8: SI | Z8: 10 | AA8: Plan de capacitación Plan de bienestar | AB8: SI | AC8: 30 | AD8: 85 | AE8: 2 | AF8: Improbable | AG8: 2 | AH8: Comité de convivencia laboral | AI8: SI | AJ8: 15 | AK8: Resolución 652 de 2012 Resolución 1356 de 2012 Procedimiento Atención a solicitudes, quejas y reclamos. Nota: No está tan definido cual es el proceder cuando se trate de quejas de tipo acoso laboral. | AL8: SI | AM8: 5 | AN8: Unidad Talento Humano | AO8: Manual | AP8: 10 | AQ8: SI | AR8: 15 | AS8: por demanda | AT8: SI | AU8: 10 | AV8: Acta del comité | AW8: SI | AX8: 30 | AY8: 85 | AZ8: 2 | BA8: SI | BB8: Menor | BC8: 2 | BD8: 4 | BE8: MEDIA | BF8: 1 | BG8: Adecuación físicas y ergonómicas de los puestos de trabajo con mayor nivel de criticidad en la Lotería | BH8: Unidad de Talento Humano | BI8: 43466 | BJ8: 43800 | BK8: Registro fotográfico
M9: Proceso de inducción y reinducción | N9: SI | O9: 15 | P9: Procedimiento de Inducción y re inducción | Q9: SI | R9: 5 | S9: Unidad de Talento Humano | T9: Manual | U9: 10 | V9: SI | W9: 15 | X9: Por demanda Mínimo cada 2 años | Y9: SI | Z9: 10 | AA9: Listas de inducción | AB9: SI | AC9: 30 | BF9: 2 | BG9: Realizar medición del clima organizacional | BH9: Unidad de Talento Humano | BI9: 43466 | BJ9: 43800 | BK9: Informe de clima organizacional
BF10: 3 | BG10: Definir y documentar los lineamientos internos que debe seguir cada funcionario para tramitar quejas de acoso laboral, articulándolo con el procedimiento de quejas. | BH10: Unidad de Talento Humano Atención al Cliente | BI10: 43466 | BJ10: 43800 | BK10: Documento metodológico Procedimiento actualizado
BF11: 4
BF12: 5
A13: Gestión del talento humano | B13: GESTIÓN | C13: 1. Falta de una planificacion y programación de las actividades de inducción, reinducción y entrenamiento. 2. Inasistencia de los funcionarios a las actividades de inducción y reinducción. 3. Poco disposición de tiempo para las actividades de entrenamiento y empalme | D13: RGC-39 | E13: Bajos niveles de inducción y entrenamiento del personal en el cargo | F13: 1. Desconocimento de procesos, funciones, actividades 2. Procesos disciplinarios 3. Errores en el desarrollo de las tareas 4. Retrasos en la ejecución de tareas 5. Reprocesos | G13: Posible | H13: 3 | I13: Moderado | J13: 3 | K13: MEDIA | L13: 9 | M13: Proceso de inducción y reinducción | N13: SI | O13: 15 | P13: Procedimiento de Inducción y re inducción | Q13: SI | R13: 5 | S13: Unidad de Talento Humano | T13: Manual | U13: 10 | V13: SI | W13: 15 | X13: Por demanda Mínimo cada 2 años | Y13: SI | Z13: 10 | AA13: Listas de inducción | AB13: SI | AC13: 30 | AD13: 55 | AE13: 1 | AF13: Improbable | AG13: 2 | AH13: Proceso Control Interno Disciplinario | AI13: SI | AJ13: 15 | AK13: Procedimiento Control Interno Disciplinario | AL13: SI | AM13: 5 | AN13: Secretario General | AO13: Manual | AP13: 10 | AQ13: SI | AR13: 15 | AS13: Por demanda | AT13: SI | AU13: 10 | AV13: Expediente del proceso | AW13: SI | AX13: 30 | AY13: 85 | AZ13: 2 | BA13: SI | BB13: Insignificante | BC13: 1 | BD13: 2 | BE13: BAJA | BF13: 1 | BG13: Actualizar y aprobar el procedimiento inducción y reinducción con el proposito de incluir las activiadades y controles necsarios para la elaboración y publicación del plan anual de capacitación, articulado con el plan de acción | BH13: Unidad de Talento Humano Planeación | BI13: 43466 | BJ13: 43800 | BK13: Procedimiento actualizado
M14: Elaborar y publicar el plan anual de capacitación | N14: NO | O14: 0 | P14: No está documentado | Q14: SI | R14: 5 | S14: Unidad de Talento Humano | T14: Manual | U14: 10 | V14: NO | W14: 0 | X14: No está definidos | Y14: SI | Z14: 10 | AA14: Plan de capacitación | AB14: SI | AC14: 30 | AH14: Proceso de inducción y reinducción | AI14: SI | AJ14: 15 | AK14: Procedimiento de Inducción y re inducción | AL14: SI | AM14: 5 | AN14: Unidad de Talento Humano | AO14: Manual | AP14: 10 | AQ14: SI | AR14: 15 | AS14: Por demanda Mínimo cada 2 años | AT14: SI | AU14: 10 | AV14: Listas de inducción | AW14: SI | AX14: 30 | BF14: 2 | BG14: Definir política que determine la obligatoriedad en la asistencia de las diferentes actividades en la Empresa (capacitación y bienestar) y las consecuencias del incumplimiento. | BH14: Unidad de Talento Humano | BI14: 43466 | BJ14: 43800 | BK14: Documento metodológico
BF15: 3
BF16: 4
BF17: 5
A18: Gestión del talento humano | B18: GESTIÓN Y CORRUPCIÓN | C18: 1. Falta de planeación de las actividades programadas 2. Inasistencia de los servidores a las capacitaciones programadas 3. Favorecimiento a funcionarios con incumplimiento de requisitos | D18: RGC-40 | E18: Inadecuada de cobertura y pertinencia de los planes de capacitación y calidad de vida | F18: 1. Desactualización de los servidores en asuntos materia de su empleo 2. Procesos disciplinarios | G18: Probable | H18: 4 | I18: Moderado | J18: 3 | K18: MEDIA | L18: 12 | M18: Elaborar y publicar los planes de capacitacióin y bienestar | N18: SI | O18: 15 | P18: Procedmiento Capacitación y Formación Procedimiento Gestión Calidad Vida Labora | Q18: SI | R18: 5 | S18: Unidad de Talento Humano | T18: Manual | U18: 10 | V18: SI | W18: 15 | X18: Anual | Y18: SI | Z18: 10 | AA18: Plan de capacitación Plan de bienestar | AB18: SI | AC18: 30 | AD18: 85 | AE18: 2 | AF18: Improbable | AG18: 2 | AH18: Realizar seguimiento a la implementación de los planes de capacitación y bienestar | AI18: SI | AK18: Procedmiento Capacitación y Formación Procedimiento Gestión Calidad Vida Labora | AL18: SI | AN18: Unidad de Talento Humano | AO18: Manual | AQ18: SI | AS18: Trimestral | AT18: SI | AV18: Planes | AW18: SI | AX18: 30 | AY18: 30 | AZ18: 0 | BA18: NO | BB18: Moderado | BC18: 3 | BD18: 6 | BE18: MEDIA | BF18: 1 | BG18: Revisar, definir y documentar en los procedimientos respectivos, las actividades y controles necesarios para mejorar la identificación y el seguimiento de las necesidades de capacitación y bienestar con el fin de asegurar la adecuada pertinencia y cobertura de las necesidades. | BH18: Unidad de Talento Humano | BI18: 43466 | BJ18: 43800 | BK18: Documento metodológico Procedimiento actualizado
M19: Revisar y aprobar concesión de beneficios convencionales | N19: SI | O19: 15 | P19: Resolución | Q19: SI | R19: 5 | S19: Comité de Bienestar Comité de educación | T19: Manual | U19: 10 | V19: SI | W19: 15 | X19: Semestral | Y19: SI | Z19: 10 | AA19: Acta de Comité Resoluciones | AB19: SI | AC19: 30 | BF19: 2
BF20: 3
BF21: 4
BF22: 5
A23: Gestión del talento humano | B23: GESTIÓN | C23: 1. Herramientas tecnológicas con problemas de parametrización y desarrollo. 2. Falta de conocimiento técnico por parte del personal que interviene. 3. Falta de controles y parámetros dispersos para detectar desviaciones de la herramienta tecnológica en la liquidación de novedades. | D23: RGC-46 | E23: Inconsistencias en la liquidación de nómina | F23: 1. Pago erroneo de la nómina 2. Reporceso en la liquidación 3. Incumplimientos con el pago de aportes a seguridad social y parafiscales 4. Pago de intereses de mora | G23: Probable | H23: 4 | I23: Moderado | J23: 3 | K23: MEDIA | L23: 12 | M23: Inicio de prenómina con 5 días hábiles de anticipación | N23: NO | O23: 0 | P23: No está documentado | Q23: SI | R23: 5 | S23: Unidad de Talento Humano | T23: Manual | U23: 10 | V23: SI | W23: 15 | X23: Quincenal | Y23: SI | Z23: 10 | AA23: Prenómina | AB23: SI | AC23: 30 | AD23: 70 | AE23: 1 | AF23: Posible | AG23: 3 | AH23: Realizar ajustes de correción a la prenómina | AI23: SI | AJ23: 15 | AK23: Procedimiento Liquidación nómina | AL23: SI | AM23: 5 | AN23: Unidad de Talento Humano | AO23: Manual | AP23: 10 | AQ23: SI | AR23: 15 | AS23: Quincenal | AT23: SI | AU23: 10 | AV23: Ajustes a la prenómina | AW23: SI | AX23: 30 | AY23: 85 | AZ23: 2 | BA23: NO | BB23: Insignificante | BC23: 1 | BD23: 3 | BE23: MEDIA | BF23: 1 | BG23: Identificación de inconsistencias en la parametrización y desarrollo del software en ambiente de pruebas. | BH23: Unidad de Talento Humano Área de sistemas | BI23: 43466 | BJ23: 43800 | BK23: Informe de pruebas funcionales
M24: Revisar y organizar las novedades de nómina | N24: SI | O24: 15 | P24: Procedimiento Liquidación nómina | Q24: SI | R24: 5 | S24: Unidad de Talento Humano | T24: Manual | U24: 10 | V24: SI | W24: 15 | X24: Quincenal | Y24: SI | Z24: 10 | AA24: Expediente novedades de nómina | AB24: SI | AC24: 30 | BF24: 2
M25: Verificar pre nómina | N25: SI | O25: 15 | P25: Procedimiento Liquidación nómina | Q25: SI | R25: 5 | S25: Unidad de Talento Humano | T25: Manual | U25: 10 | V25: SI | W25: 15 | X25: Quincenal | Y25: SI | Z25: 10 | AA25: Ajustes a la prenómina | AB25: SI | AC25: 30 | BF25: 3
BF26: 4
BF27: 5
AD28: 0 | AE28: 0 | AY28: 0 | AZ28: 0 | BF28: 1
BF29: 2
BF30: 3
BF31: 4
BF32: 5
AD33: 0 | AE33: 0 | AY33: 0 | AZ33: 0 | BF33: 1
BF34: 2
BF35: 3
BF36: 4
BF37: 5
AD38: 0 | AE38: 0 | AY38: 0 | AZ38: 0 | BF38: 1
BF39: 2
BF40: 3
BF41: 4
BF42: 5
AD43: 0 | AE43: 0 | AY43: 0 | AZ43: 0 | BF43: 1
BF44: 2
BF45: 3
BF46: 4
BF47: 5

Sheet TIC
G1: RIESGO INHERENTE | M1: Valoración Riesgo Residual (Probabilidad) | AH1: Valoración Riesgo Residual (impacto) | BE1: Valor Riesgo Residual | BG1: PLAN DE TRATAMIENTO
A2: Proceso | B2: Clase | C2: Causas | D2: Riesgo | F2: Consecuencia | G2: Probabilidad | I2: Impacto | K2: Valor del Riesgo | M2: Controles preventivos | N2: Documento | Q2: Responsable | T2: Tipo (M/A) | V2: Fercuencia (Adecuada) | Y2: Evidencia | AB2: Efectividad | AD2: Valor Control | AE2: Puntos | AF2: Probabilidad | AG2: VP | AH2: Controles Correctivos | AI2: Documento | AL2: Responsable | AO2: Tipo (M/A) | AQ2: Fercuencia (Adecuada) | AT2: Evidencia | AW2: Efectividad | AY2: Valor Control | AZ2: Puntos | BA2: # Preguntas con "SI" R. Corrupción | BB2: Objetivo Estratégico | BC2: Impacto | BD2: VI | BE2: V.Riesgo Actual | BF2: Z. Riesgo Actual | BG2: Acción | BI2: Responsable | BJ2: Fecha Inicio | BK2: Fecha Fin | BL2: Entregable
A3: Gestión de las tecnologías y la información | B3: GESTIÓN | C3: 1. Falta de continuidad del sistema eléctrico. 2. Incumplimiento del programa de mantenimiento del sistema de soporte eléctrico (UPS y Planta eléctrica). 3. Entrada de virus informático en los sistemas tecnológicos. 4. Inhadecuados diseños y arquitectura tecnológica. 5. Perdidas de la continuidad del proveedor de internet. 6. Capacidad tecnológica deficiente. 7. Dependencia de pocos proveedores para el mantenimiento y mejora de los sistemas de información. 8. Contratación inoportuna de servicios, licencias y plataformas tecnológicas sensibles para el negocio. | D3: RGC-32 | E3: Falta de continuidad o fallas en los sistemas de información y herramientas tecnológicas. | F3: 1. Problemas con la continuidad del negocio en los procesos críticos (Cadena de valor). 2. Perdida de la disponibilidad, integridad, y confidencialidad de la información (memoria institucional). 3. Desactualización de los sistemas de información. | G3: Probable | H3: 4 | I3: Catastrófico | J3: 5 | K3: ALTA | L3: 20 | M3: Programa de mantenimiento preventivos del sistema de soporte eléctrico (UPS). | N3: SI | O3: 15 | P3: Programa de mantenimiento | Q3: SI | R3: 5 | S3: Área de Sistemas | T3: Manual | U3: 10 | V3: SI | W3: 15 | X3: Bimensual | Y3: SI | Z3: 10 | AA3: Lista de chequeo del proveedor | AB3: SI | AC3: 30 | AD3: 85 | AE3: 2 | AF3: Improbable | AG3: 2 | AH3: Servicios de soporte y mantenimiento tecnológico: 1. Servicio de internet con canal principal y canal de contingencia. 2. Servicio de garantía y mantenimiento de los servidores. 3. Servicio de soporte y mentenimiento del sistema de información. | AI3: SI | AK3: Contrato de servicios legalizado. No existen políticas que definan las condiciones mínimas para el servicio. | AL3: SI | AN3: Área de Sistemas | AO3: Manual | AQ3: SI | AS3: Permanente | AT3: SI | AV3: Contrato legalizado. Estadística del servicio | AW3: SI | AX3: 30 | AY3: 90 | AZ3: 2 | BB3: SI | BC3: Moderado | BD3: 3 | BE3: 6 | BF3: MEDIA | BG3: 1 | BH3: Definir e incorporar políticas que reglamenten las condiciones mínimas seguras para contratar servicios, licencias y plataformas tecnológicas sensibles para el negocio | BI3: Área de Sistemas | BJ3: 43466 | BK3: 43800 | BL3: Documento Metodológico
M4: Programa de mantenimiento preventivos del sistema de soporte eléctrico (Planta eléctrica). | N4: SI | O4: 15 | P4: Programa de mantenimiento | Q4: SI | R4: 5 | S4: Unidad de Recursos Físicos | T4: Manual | U4: 10 | V4: SI | W4: 15 | X4: Semestral | Y4: SI | Z4: 10 | AA4: Lista de chequeo del proveedor | AB4: SI | AC4: 30 | AH4: Back Up periódicos de los servidores y las unidades de red. 1. Diario Incremental 2. Semanal Completo 3. Mensual Completo | AI4: SI | AJ4: 15 | AK4: Procedimiento Gestión de Back Up | AL4: SI | AM4: 5 | AN4: Área de Sistemas | AO4: Automático | AP4: 15 | AQ4: SI | AR4: 15 | AS4: Diario Semanal Mensual | AT4: SI | AU4: 10 | AV4: Medio magnético | AW4: SI | AX4: 30 | BG4: 2 | BH4: Actualizar el procedimiento de Plan de compras con el fin de fortalecer y definir los criterios de revisión y los caminos de aceptación y rechazo frente a la verficación de las necesidades plantedas que se consideren sensibles o críticas para el negocio(Actividad 3). | BI4: Unidad de Recursos Físicos | BJ4: 43466 | BK4: 43800 | BL4: Documento Metodológico
M5: Servicios de soporte y mantenimiento tecnológico: 1. Servicio de internet con canal principal y canal de contingencia. 2. Servicio de garantía y mantenimiento de los servidores. 3. Servicio de soporte y mentenimiento del sistema de información. | N5: SI | P5: Contrato de servicios legalizado. No existen políticas que definan las condiciones mínimas para el servicio. | Q5: SI | S5: Área de Sistemas | T5: Manual | V5: SI | X5: Permanente | Y5: SI | AA5: Contrato legalizado. Estadística del servicio | AB5: SI | AC5: 30 | BG5: 3 | BH5: Diseñar e implementar un ambiente de pruebas para el sistema de información de la Lotería y sus diferentes aplicativos. | BI5: Área de Sistemas | BJ5: 43466 | BK5: 43800 | BL5: Sistema de información en ambiente pruebas.
M6: Incorporación de las compras de licencias en el plan anual de adquisiciones. | N6: SI | O6: 15 | P6: Procedimiento Elaboración Plan de compras | Q6: SI | R6: 5 | S6: Unidad de Recursos Físicos | T6: Manual | U6: 10 | V6: SI | W6: 15 | X6: Anual | Y6: SI | Z6: 10 | AA6: Plan de compras | AB6: SI | AC6: 30 | BG6: 4 | BH6: Programar y ejecutar actividades de capacitación y transferencias de conocimientos por parte del proveedor del sistema de información a los funcionarios desiganados en la Lotería. | BI6: Área de Sistemas | BJ6: 43466 | BK6: 43800 | BL6: Material de capacitación
M7: Back Up periódicos de los servidores y las unidades de red. 1. Diario Incremental 2. Semanal Completo 3. Mensual Completo | N7: SI | O7: 15 | P7: Procedimiento Gestión de Back Up | Q7: SI | R7: 5 | S7: Área de Sistemas | T7: Automático | U7: 15 | V7: SI | W7: 15 | X7: Diario Semanal Mensual | Y7: SI | Z7: 10 | AA7: Medio magnético | AB7: SI | BG7: 5
BG8: 6
A9: Gestión de las tecnologías y la información | B9: GESTIÓN | C9: 1. Desactualización de las herramientas tecnológicas y los sdistemas de información. 2. PETIC desarticulado al plan estratégico de la Lotyería. 3. Equipos de computo obsoletos o desactualizados tecnológicamente. 4. Inadecuada definición de necesidades y/o requerimientos. 5. Incompatibilidad de versiones en las herramientas ofimáticas. 6. Falta de controles adecuados en la verificación y validación de los bienes y servicios comprados. | D9: RGC-34 | E9: Herramientas tecnológicas que no den respuesta a las necesidades, oportunidades y estrategias de la empresa. | F9: 1. Ineficiencia administrativa de los procesos 2. Detrimento patrimonial 3. Incremento de costos y gatos de administración | G9: Probable | H9: 4 | I9: Moderado | J9: 3 | K9: MEDIA | L9: 12 | M9: Revisión técnica por parte del área de sistemas sobre las necesidades de sistemas y herramientas tecnológicas. | N9: NO | O9: 0 | P9: Procedimiento de Contratación Manual de Contratación | Q9: SI | R9: 5 | S9: Comité Evaluador | T9: Manual | U9: 10 | V9: SI | W9: 15 | X9: Por demanda | Y9: SI | Z9: 10 | AA9: Informe de evaluación | AB9: SI | AC9: 30 | AD9: 70 | AE9: 1 | AF9: Posible | AG9: 3 | AH9: Autoevaluación de los lineamientos de Gobierno Digital | AI9: NO | AJ9: 0 | AK9: No está documentado | AL9: SI | AM9: 5 | AN9: Área de Sistemas | AO9: Manual | AP9: 10 | AQ9: SI | AR9: 15 | AS9: Anual | AT9: SI | AU9: 10 | AV9: Autoevaluación lineamientos gobierno digital | AW9: SI | AX9: 30 | AY9: 70 | AZ9: 1 | BC9: Menor | BD9: 2 | BE9: 6 | BF9: MEDIA | BG9: 1 | BH9: Definir y presentar en el Comité de Gestión y Desempeño las necesidades de recursos (Proyecto de inversión 2019) para actualizar equipos y herramientas ofimáticas y buscar mejorar la estandarización en la entidad. | BI9: Área de Sistemas | BJ9: 43466 | BK9: 43800 | BL9: Proyecto de inversión (actualización de equipos y herramientas ofimáticas)
M10: Autoevaluación de los lineamientos de Gobierno Digital | N10: NO | O10: 0 | P10: No está documentado | Q10: SI | R10: 5 | S10: Área de Sistemas | T10: Manual | U10: 10 | V10: SI | W10: 15 | X10: Anual | Y10: SI | Z10: 10 | AA10: Autoevaluación lineamientos gobierno digital | AB10: SI | AC10: 30 | BG10: 2 | BH10: Actualizar y fortalecer el ejercicio de definición del PETIC en la Lotería, asegurando su alineación con el plan estratégico de la entidad. | BI10: Área de Sistemas | BJ10: 43466 | BK10: 43800 | BL10: PETIC actualizado.
BG11: 3 | BH11: Analizar y defnir políticas claras para definir una intervención obligatoria en el comité evaluador sobre aquellas necesidades tecnológicas que definan otras áreas funcionales. | BI11: Secretaria General | BJ11: 43466 | BK11: 43800 | BL11: Documento Metodológico
BG12: 4 | BH12: Actualizar al procedimiento de planeación estratégica con el fin de incorporar actividades que involucren un diagnóistico perióco de los sistemas de información y las herramientas tecnpológicas y la consecuación y aprobación del PETIC. | BI12: Planeación y Área de sistemas | BJ12: 43466 | BK12: 43800 | BL12: Documento Metodológico
BG13: 5
AD14: 0 | AE14: 0 | AY14: 0 | AZ14: 0 | BG14: 1
BG15: 2
BG16: 3
BG17: 4
BG18: 5
AD19: 0 | AE19: 0 | AY19: 0 | AZ19: 0 | BG19: 1
BG20: 2
BG21: 3
BG22: 4
BG23: 5
AD24: 0 | AE24: 0 | AY24: 0 | AZ24: 0 | BG24: 1
BG25: 2
BG26: 3
BG27: 4
BG28: 5
AD29: 0 | AE29: 0 | AY29: 0 | AZ29: 0 | BG29: 1
BG30: 2
BG31: 3
BG32: 4
BG33: 5
AD34: 0 | AE34: 0 | AY34: 0 | AZ34: 0 | BG34: 1
BG35: 2
BG36: 3
BG37: 4
BG38: 5
AD39: 0 | AE39: 0 | AY39: 0 | AZ39: 0 | BG39: 1
BG40: 2
BG41: 3
BG42: 4
BG43: 5

Sheet PLANEACIÓN Y DIR ESTRATEGICO
G1: RIESGO INHERENTE | M1: Valoración Riesgo Residual (Probabilidad) | AH1: Valoración Riesgo Residual (impacto) | BD1: Valor Riesgo Residual | BF1: PLAN DE TRATAMIENTO
A2: Proceso | B2: Clase | C2: Causas | D2: Riesgo | F2: Consecuencia | G2: Probabilidad | I2: Impacto | K2: Valor del Riesgo | M2: Controles preventivos | N2: Documento | Q2: Responsable | T2: Tipo (M/A) | V2: Fercuencia (Adecuada) | Y2: Evidencia | AB2: Efectividad | AD2: Valor Control | AE2: Puntos | AF2: Probabilidad | AG2: VP | AH2: Controles Correctivos | AI2: Documento | AL2: Responsable | AO2: Tipo (M/A) | AQ2: Fercuencia (Adecuada) | AT2: Evidencia | AW2: Efectividad | AY2: Valor Control | AZ2: Puntos | BA2: Objetivo Estratégico | BB2: Impacto | BC2: VI | BD2: V.Riesgo Actual | BE2: Z. Riesgo Actual | BF2: Acción | BH2: Responsable | BI2: Fecha Inicio | BJ2: Fecha Fin | BK2: Entregable
A3: Planeación y Direccionamiento Estratégico | B3: GESTIÓN | C3: 1. Falta de seguimiento al cumplimiento de la gestión de los objetivos estratégicos por parte del grupo Directivo. 2. Frecuencias espaciadas (largo tiempo) para el seguimiento de los indicadores de gestión asociados a la estrategía. 3. Recortes presupuestales sobre estrategías y acciones que soportan metas del plan estratégico. 4. Materialización de riesgos estratégicos | D3: RGC-41 | E3: Incumplimiento del plan estratégico | F3: 1. Perdidas financieras. 2. Ajustes a las metas del plan estratégico 3. Replanteamiento de estratégias y acciones en el plan de acción 4. Planes de mejoramiento | G3: Posible | H3: 3 | I3: Moderado | J3: 3 | K3: =IFERROR(VLOOKUP(L3,[2]Tablas!$F$9:$G$22,2,FALSE),"") -> MEDIA | L3: =IFERROR(+H3*J3,"") -> 9 | M3: Seguimiento mensual al reporte de indicadores de gestión estratégica. | N3: SI | O3: 15 | P3: Procedimiento Plan Estratégico | Q3: SI | R3: 5 | S3: Planeación | T3: Manual | U3: 10 | V3: SI | W3: 15 | X3: Mensual | Y3: SI | Z3: 10 | AA3: Cuandro de mando estratégico | AB3: SI | AC3: 30 | AD3: 85 | AE3: 2 | AF3: Excepcional | AG3: 1 | AH3: Seguimiento mensual al reporte de indicadores de gestión estratégica. | AI3: SI | AJ3: 15 | AK3: Procedimiento Plan Estratégico | AL3: SI | AM3: 5 | AN3: Planeación | AO3: Manual | AP3: 10 | AQ3: SI | AR3: 15 | AS3: Mensual | AT3: SI | AU3: 10 | AV3: Cuandro de mando estratégico | AW3: SI | AX3: 30 | AY3: 85 | AZ3: 2 | BA3: SI | BB3: Insignificante | BC3: 1 | BD3: 1 | BE3: BAJA | BF3: 1 | BG3: NA | BH3: NA | BI3: NA | BJ3: NA | BK3: NA
M4: Proceso de gestión de riesgos estratégicos | N4: SI | O4: 15 | P4: Procedimiento Gesdtión de Riesgos | Q4: SI | R4: 5 | S4: Planeación | T4: Manual | U4: 10 | V4: SI | W4: 15 | X4: Trimestral | Y4: SI | Z4: 10 | AA4: Matriz de riesgos: Plan de tratamiento | AB4: SI | AC4: 30 | AH4: Proceso de ajuste y formalización de cambios al Plan estratégico | AI4: SI | AJ4: 15 | AK4: Políticas operativas del proceso Planeación y Direccionamiento Estratégico. | AL4: SI | AM4: 5 | AN4: Planeación | AO4: Manual | AP4: 10 | AQ4: SI | AR4: 15 | AS4: Por demanda | AT4: SI | AU4: 10 | AV4: Ajustes al Plan estratégico | AW4: SI | AX4: 30 | BF4: 2
BF5: 3
BF6: 4
BF7: 5
A8: Planeación y Direccionamiento Estratégico | B8: GESTIÓN | C8: 1. Falta de seguimiento permanente a la ejecución presupuestal, en especial en los aspectos consernientes del proyecto de inversión y el plan anual de adquisiciones. 2. Mala planeación en la definción de los proyectos y actividades del plan de acción. 3. Ajustes presupuestales autorizados pero no formalmente documentados, para el respectivo ajuste presupuestal. | D8: RGC-42 | E8: Baja ejecución presupuestal | F8: 1. Hallazgos de los entes de control | G8: Probable | H8: 4 | I8: Mayor | J8: 4 | K8: =IFERROR(VLOOKUP(L8,[2]Tablas!$F$9:$G$22,2,FALSE),"") -> ALTA | L8: =IFERROR(+H8*J8,"") -> 16 | M8: Seguimiento mensual al reporte de indicadores de gestión estratégica. | N8: SI | O8: 15 | P8: Procedimiento Plan Estratégico | Q8: SI | R8: 5 | S8: Planeación | T8: Manual | U8: 10 | V8: SI | W8: 15 | X8: Mensual | Y8: SI | Z8: 10 | AA8: Cuandro de mando estratégico | AB8: SI | AC8: 30 | AD8: 85 | AE8: 2 | AF8: Improbable | AG8: 2 | AH8: Seguimiento mensual al reporte de indicadores de gestión estratégica. | AI8: SI | AJ8: 15 | AK8: Procedimiento Plan Estratégico | AL8: SI | AM8: 5 | AN8: Planeación | AO8: Manual | AP8: 10 | AQ8: SI | AR8: 15 | AS8: Mensual | AT8: SI | AU8: 10 | AV8: Cuandro de mando estratégico | AW8: SI | AX8: 30 | AY8: 70 | AZ8: 1 | BA8: SI | BB8: Moderado | BC8: 3 | BD8: 6 | BE8: MEDIA | BF8: 1 | BG8: Documetar los métodos, criterios y lienamientos a seguir cuando se identifique la necesidad de ajustar el presupuesto, el proyecto de inversión y el plan anual de adquisiciones. | BH8: Planeación | BI8: 43466 | BJ8: 43800 | BK8: Documentos metodológicos
M9: Control y seguimiento a la ejecución del plan anual de adquisiciones y el proyecto de inversión | N9: NO | P9: No está documentado | Q9: SI | S9: Planeación | T9: Manual | U9: 10 | V9: SI | X9: Mensual | Y9: SI | AA9: Acta del Comité | AB9: SI | AC9: 30 | AH9: Proceso de ajuste y formalización de cambios al Presupuesto, proyecto de inversión y plan anual de adquisiciones | AI9: NO | AJ9: 0 | AK9: No está documentado | AL9: SI | AM9: 5 | AN9: Planeación | AO9: Manual | AP9: 10 | AQ9: SI | AR9: 15 | AS9: Por demanda | AT9: SI | AU9: 10 | AV9: Ajustes al Plan estratégico | AW9: SI | AX9: 30 | BF9: 2 | BG9: Documentar los lineamientos para la elaboración, seguimiento y ajuste de los nuevos lineamientos integrales del plan de acción. | BH9: Planeación | BI9: 43466 | BJ9: 43800 | BK9: Documentos metodológicos
BF10: 3
BF11: 4
BF12: 5
A13: Planeación y Direccionamiento Estratégico | B13: GESTIÓN | C13: 1. Desconocimiento del contexto organizacional 2. Fijar objetivos con poca capacidad de medición y objetividad. | D13: RGC-43 | E13: Inadecuada definición de objetivos y metas | F13: 1. Incumplimiento del plan estratégico | G13: Posible | H13: 3 | I13: Mayor | J13: 4 | K13: =IFERROR(VLOOKUP(L13,[2]Tablas!$F$9:$G$22,2,FALSE),"") -> MEDIA | L13: =IFERROR(+H13*J13,"") -> 12 | M13: Presentación y revisión del diagnóstico organizacional ante el comité de gestión y desempeño | N13: SI | O13: 15 | P13: Procedimiento Plan Estratégico | Q13: SI | R13: 5 | S13: Planeación | T13: Manual | U13: 10 | V13: SI | W13: 15 | X13: 4 Años o por demanda | Y13: SI | Z13: 10 | AA13: Acta del Comité | AB13: SI | AC13: 30 | AD13: 85 | AE13: 2 | AF13: Excepcional | AG13: 1 | AH13: Seguimiento mensual al reporte de indicadores de gestión estratégica. | AI13: SI | AJ13: 15 | AK13: Procedimiento Plan Estratégico | AL13: SI | AM13: 5 | AN13: Planeación | AO13: Manual | AP13: 10 | AQ13: SI | AR13: 15 | AS13: Mensual | AT13: SI | AU13: 10 | AV13: Cuandro de mando estratégico | AW13: SI | AX13: 30 | AY13: 85 | AZ13: 2 | BA13: SI | BB13: Menor | BC13: 2 | BD13: 2 | BE13: BAJA | BF13: 1 | BG13: NA | BH13: NA | BI13: NA | BJ13: NA | BK13: NA
M14: Presentación y revisión del cuandro de mando estratégico ante el comité de gestión y desempeño | N14: SI | O14: 15 | P14: Procedimiento Plan Estratégico | Q14: SI | R14: 5 | S14: Planeación | T14: Manual | U14: 10 | V14: SI | W14: 15 | X14: 4 Años o por demanda | Y14: SI | Z14: 10 | AA14: Acta del Comité | AB14: SI | AC14: 30 | AH14: Proceso de ajuste y formalización de cambios al Plan estratégico | AI14: SI | AJ14: 15 | AK14: Políticas operativas del proceso Planeación y Direccionamiento Estratégico. | AL14: SI | AM14: 5 | AN14: Planeación | AO14: Manual | AP14: 10 | AQ14: SI | AR14: 15 | AS14: Por demanda | AT14: SI | AU14: 10 | AV14: Ajustes al Plan estratégico | AW14: SI | AX14: 30 | BF14: 2
BF15: 3
BF16: 4
BF17: 5
K18: =IFERROR(VLOOKUP(L18,[2]Tablas!$F$9:$G$22,2,FALSE),"") | L18: =IFERROR(+H18*J18,"") | AD18: 0 | AE18: 0 | AY18: 0 | AZ18: 0 | BB18: #VALUE! | BC18: #VALUE! | BF18: 1
BF19: 2
BF20: 3
BF21: 4
BF22: 5
K23: =IFERROR(VLOOKUP(L23,[2]Tablas!$F$9:$G$22,2,FALSE),"") | L23: =IFERROR(+H23*J23,"") | AD23: 0 | AE23: 0 | AY23: 0 | AZ23: 0 | BB23: #VALUE! | BC23: #VALUE! | BF23: 1
BF24: 2
BF25: 3
BF26: 4
BF27: 5
K28: =IFERROR(VLOOKUP(L28,[2]Tablas!$F$9:$G$22,2,FALSE),"") | L28: =IFERROR(+H28*J28,"") | AD28: 0 | AE28: 0 | AY28: 0 | AZ28: 0 | BB28: #VALUE! | BC28: #VALUE! | BF28: 1
BF29: 2
BF30: 3
BF31: 4
BF32: 5
K33: =IFERROR(VLOOKUP(L33,[2]Tablas!$F$9:$G$22,2,FALSE),"") | L33: =IFERROR(+H33*J33,"") | AD33: 0 | AE33: 0 | AY33: 0 | AZ33: 0 | BB33: #VALUE! | BC33: #VALUE! | BF33: 1
BF34: 2
BF35: 3
BF36: 4
BF37: 5
K38: =IFERROR(VLOOKUP(L38,[2]Tablas!$F$9:$G$22,2,FALSE),"") | L38: =IFERROR(+H38*J38,"") | AD38: 0 | AE38: 0 | AY38: 0 | AZ38: 0 | BB38: #VALUE! | BC38: #VALUE! | BF38: 1
BF39: 2
BF40: 3
BF41: 4
BF42: 5
K43: =IFERROR(VLOOKUP(L43,[2]Tablas!$F$9:$G$22,2,FALSE),"") | L43: =IFERROR(+H43*J43,"") | AD43: 0 | AE43: 0 | AY43: 0 | AZ43: 0 | BB43: #VALUE! | BC43: #VALUE! | BF43: 1
BF44: 2
BF45: 3
BF46: 4
BF47: 5

Sheet RECUADO
G1: RIESGO INHERENTE | M1: Valoración Riesgo Residual (Probabilidad) | AH1: Valoración Riesgo Residual (impacto) | BD1: Valor Riesgo Residual | BF1: PLAN DE TRATAMIENTO
A2: Proceso | B2: Clase | C2: Causas | D2: Riesgo | F2: Consecuencia | G2: Probabilidad | I2: Impacto | K2: Valor del Riesgo | M2: Controles preventivos | N2: Documento | Q2: Responsable | T2: Tipo (M/A) | V2: Fercuencia (Adecuada) | Y2: Evidencia | AB2: Efectividad | AD2: Valor Control | AE2: Puntos | AF2: Probabilidad | AG2: VP | AH2: Controles Correctivos | AI2: Documento | AL2: Responsable | AO2: Tipo (M/A) | AQ2: Fercuencia (Adecuada) | AT2: Evidencia | AW2: Efectividad | AY2: Valor Control | AZ2: Puntos | BA2: Objetivo Estratégico | BB2: Impacto | BC2: VI | BD2: V.Riesgo Actual | BE2: Z. Riesgo Actual | BF2: Acción | BH2: Responsable | BI2: Fecha Inicio | BJ2: Fecha Fin | BK2: Entregable
A3: Recaudo | B3: GESTIÓN | C3: 1. Despachos de billetería a distribuidores con incumplimiento de pago de acuerdo a los lineamientos de pago 2. Falta de identificación (conciliación) de la consignación 3. No lectura oportuna de los premios y promocionales reportados por los distribuidores 4. Demoras en la logística de recolección de la billetería premiada en la sede de los distribuidores por parte del operador. 5. Falta de deligencia en los procesos de cobro persuasivo y coactivo. | D3: RGC-30 | E3: Incremento de la cartera vencida | F3: 1. Aumento de rentención en el despacho de la billetaría (Menos días de venta). 2. Desgaste administrativo (cobros jurídicos) 3. Disminución del flujo de caja 4. Afecta indicadores financieros de desempeño 5. Hallazgos de entes de control | G3: Probable | H3: 4 | I3: Mayor | J3: 4 | K3: ALTA | L3: 16 | M3: Todos los lunes se verifica el estado de cuenta de los distribuidores y se retienen los morosos. | N3: SI | O3: 15 | P3: Procedimiento Gestión de cartera | Q3: SI | R3: 5 | S3: Profesional de cartera | T3: Manual | U3: 10 | V3: SI | W3: 15 | X3: Semanal | Y3: SI | Z3: 10 | AA3: Memorando de retención | AB3: SI | AC3: 30 | AD3: 65 | AE3: 1 | AF3: Posible | AG3: 3 | AH3: Seguimiento de cobro persuasivo por parte de cartera. | AI3: SI | AJ3: 15 | AK3: Procedimiento Recuperación de cartera | AL3: SI | AM3: 5 | AN3: Profesional de cartera | AO3: Manual | AP3: 10 | AQ3: SI | AR3: 15 | AS3: Diario | AT3: SI | AU3: 10 | AV3: Seguimiento cobro distribuidores | AW3: SI | AX3: 30 | AY3: 85 | AZ3: 2 | BA3: NO | BB3: Menor | BC3: 2 | BD3: 6 | BE3: MEDIA | BF3: 1 | BG3: Revisar y actualizar el procedimiento de gestión de cartera con el fin de incorporar y fortalecer documentalmente cada control. | BH3: Área de cartera Financiera | BI3: 43466 | BJ3: 43800 | BK3: Procedimeinto actualizado
M4: Oficializar y comunicar listado de retenidos | N4: SI | O4: 15 | P4: Procedimiento Gestión de cartera | Q4: SI | R4: 5 | S4: Jefe Unidad Financiera | T4: Manual | U4: 10 | V4: SI | W4: 15 | X4: Semanal | Y4: SI | Z4: 10 | AA4: Memorando de retención | AB4: SI | AC4: 30 | BF4: 2 | BG4: Socializar documento actualizado | BH4: Área de cartera | BI4: 43466 | BJ4: 43800 | BK4: Correo electrónico
M5: Seguimiento de cobro persuasivo por parte de cartera. | N5: SI | O5: 15 | P5: Procedimiento Recuperación de cartera | Q5: SI | R5: 5 | S5: Profesional de cartera | T5: Manual | U5: 10 | V5: SI | W5: 15 | X5: Diario | Y5: SI | Z5: 10 | AA5: Seguimiento cobro distribuidores | AB5: SI | AC5: 30 | BF5: 3 | BG5: Analizar y definir la responsabilidad más adecuada dentro del átrea de Financiera para el cargue y seguimiento del recaudo. (Analizar vancancia en Tesorería). | BH5: Financiera Talento Humano | BI5: 43466 | BJ5: 43800 | BK5: Acta de reunión con la decisión
M6: Verificación y cargue diario de las consiganaciones o recaudos por parte de tesorería. | N6: SI | O6: 15 | P6: Procedimiento Gestión de ingresos | Q6: NO | R6: 0 | S6: No se tiene claridad sobre el cargo. Temporalmente a cargo | T6: Manual | U6: 10 | V6: SI | W6: 15 | X6: Diario | Y6: SI | Z6: 10 | AA6: Archivos planos / Electrónicos de los bancos | AB6: SI | AC6: 30 | BF6: 4 | BG6: Desarrollar, validar e implementar la funcionalidad del cargue automático y registro al estado de cuenta del distribuidor de los archivos de asobancaria 2001 | BH6: Sistemas | BI6: 43466 | BJ6: 43800 | BK6: Funcionalidad del aplicativo
M7: Verificación de las autoliquidaciones vs reporte de cartera sobre el estado de cuenta. | N7: NO | O7: 0 | P7: No está documentado | Q7: SI | R7: 5 | S7: Profesional de cartera | T7: Manual | U7: 10 | V7: SI | W7: 15 | X7: Diario | Y7: SI | Z7: 10 | AA7: Seguimiento cobro distribuidores | AB7: SI | AC7: 30 | BF7: 5
A8: Recaudo | B8: GESTIÓN | C8: 1. Falta de identificación (conciliación) de la consignación. 2. Inconsistencias en la parametrización del sistema. 3. Errores en la aplicación de premios y promocionales. 4. Cargue erroneo de una consignación. | D8: RGC-31 | E8: Estados de cuenta incorrectos | F8: 1. Desgaste administrativo (Identificación, análisis y ajuste). 2. Retención indebida a distribuidores. | G8: Casi seguro | H8: 5 | I8: Mayor | J8: 4 | K8: ALTA | L8: 20 | M8: Verificación de las autoliquidaciones vs reporte de cartera sobre el estado de cuenta. | N8: NO | O8: 0 | P8: No está documentado | Q8: SI | R8: 5 | S8: Profesional de cartera | T8: Manual | U8: 10 | V8: SI | W8: 15 | X8: Diario | Y8: SI | Z8: 10 | AA8: Seguimiento cobro distribuidores | AB8: SI | AC8: 30 | AD8: 70 | AE8: 1 | AF8: Probable | AG8: 4 | AH8: Verificar lo registrado de los valores de premios y promocionales en el estado de cuenta vs la relación de los premios arrojados por la unidad de loterias. | AI8: NO | AJ8: 0 | AK8: No está documentado | AL8: SI | AM8: 5 | AN8: Profesional de cartera | AO8: Manual | AP8: 10 | AQ8: SI | AR8: 15 | AS8: Por cada reclamación | AT8: SI | AU8: 10 | AV8: Nota de contabilidad | AW8: SI | AX8: 30 | AY8: 70 | AZ8: 1 | BA8: SI | BB8: Moderado | BC8: 3 | BD8: 12 | BE8: MEDIA | BF8: 1 | BG8: Actividad 1 y 2 del riesgo anterior.
M9: Verificación del pago del sorteo comparando el extracto bancario vs el reporte "Estado de cuenta". | N9: NO | O9: 0 | P9: No está documentado | Q9: SI | R9: 5 | S9: Profesional de cartera | T9: Manual | U9: 10 | V9: SI | W9: 15 | X9: Mensual | Y9: SI | Z9: 10 | AA9: Seguimiento cobro distribuidores | AB9: SI | AC9: 30 | BF9: 2
BF10: 3
BF11: 4
BF12: 5
AD13: 0 | AE13: 0 | AY13: 0 | AZ13: 0 | BF13: 1
BF14: 2
BF15: 3
BF16: 4
BF17: 5

Sheet COMUNICACIONES
A1: RIESGOS | H1: RIESGO INHERENTE | N1: Valoración Riesgo Residual (Probabilidad) | AI1: Valoración Riesgo Residual (impacto) | BE1: Valor Riesgo Residual | BG1: PLAN DE TRATAMIENTO
A2: Indicador | B2: Proceso | C2: Clase | D2: Causas | E2: Riesgo | G2: Consecuencia | H2: Probabilidad | J2: Impacto | L2: Valor del Riesgo | N2: Controles preventivos | O2: Documento | R2: Responsable | U2: Tipo (M/A) | W2: Fercuencia (Adecuada) | Z2: Evidencia | AC2: Efectividad | AE2: Valor Control | AF2: Puntos | AG2: Probabilidad | AH2: VP | AI2: Controles Correctivos | AJ2: Documento | AM2: Responsable | AP2: Tipo (M/A) | AR2: Fercuencia (Adecuada) | AU2: Evidencia | AX2: Efectividad | AZ2: Valor Control | BA2: Puntos | BB2: Objetivo Estratégico | BC2: Impacto | BD2: VI | BE2: V.Riesgo Actual | BF2: Z. Riesgo Actual | BG2: Acción | BI2: Responsable | BJ2: Fecha Inicio | BK2: Fecha Fin | BL2: Entregable
B3: Gestión de comunicaciones | C3: GESTIÓN | D3: 1. Desconocimiento del manual de marca. 2. Emitir documentación o piezas sin solicitar la aprobacion del area de Comunicaciones y Mercadeo. | E3: RGC-20 | F3: Uso incorrecto de la marca corporativa. | G3: 1. Demandas por derechos de autor o uso inapropiada de la marca. 2. Desfiguracion de la marca y los mensajes. | H3: Probable | I3: 4 | J3: Mayor | K3: 4 | L3: ALTA | M3: 16 | N3: Manual de marca corporativa actualizado y con mayor alcance | O3: SI | P3: =IF(O3="SI",15,IF(O3="NO",0,"")) -> 15 | Q3: Manual de marca | R3: SI | S3: =IF(R3="SI",5,IF(R3="NO",0,"")) -> 5 | T3: Subgerencia General | U3: Manual | V3: =IF(U3="Manual",10,IF(U3="Automático",15,"")) -> 10 | W3: SI | X3: =IF(W3="SI",15,IF(W3="NO",0,"")) -> 15 | Y3: Por demanda | Z3: SI | AA3: =IF(Z3="SI",10,IF(Z3="NO",0,"")) -> 10 | AB3: Manual | AC3: SI | AD3: =IF(AC3="SI",30,IF(AC3="NO",0,"")) -> 30 | AE3: =(MIN(P3:P7)+MIN(S3:S7)+MIN(V3:V7)+MIN(X3:X7)+MIN(AA3:AA7)+MIN(AD3:AD7)) -> 70 | AF3: =IF(AE3>=76,2,IF(AE3>=51,1,0)) -> 1 | AG3: Posible | AH3: 3 | AI3: Revisión de las alertas que envía "Google Alerts" de monitoreo de medio digitales | AJ3: NO | AK3: =IF(AJ3="SI",15,IF(AJ3="NO",0,"")) -> 0 | AL3: No existe | AM3: SI | AN3: =IF(AM3="SI",5,IF(AM3="NO",0,"")) -> 5 | AO3: Área de Comunicaciones | AP3: Automático | AQ3: =IF(AP3="Manual",10,IF(AP3="Automático",15,"")) -> 15 | AR3: NO | AS3: =IF(AR3="SI",15,IF(AR3="NO",0,"")) -> 0 | AT3: No está estandarizada | AU3: SI | AV3: =IF(AU3="SI",10,IF(AU3="NO",0,"")) -> 10 | AW3: Correo electrónico anuales | AX3: SI | AY3: =IF(AX3="SI",30,IF(AX3="NO",0,"")) -> 30 | AZ3: =(MIN(AK3:AK7)+MIN(AN3:AN7)+MIN(AQ3:AQ7)+MIN(AS3:AS7)+MIN(AV3:AV7)+MIN(AY3:AY7)) -> 55 | BA3: =IF(AZ3>=76,2,IF(AZ3>=51,1,0)) -> 1 | BB3: NO | BC3: Moderado | BD3: 3 | BE3: 9 | BF3: MEDIA | BG3: 1 | BH3: Diseñar, revisar y aprobar un documento metodológico que describa los criterios y lineamientos del control de revisión de piezas de comunicación. | BI3: Área de comunicaciones y mercadeo | BJ3: 43466 | BK3: 43800 | BL3: Documento metodológico
N4: Revisión y aprobación del área de comunicaciones y mercadeo de todas las piezas propias o de terceros que se desarrollen bajo la marca | O4: NO | P4: =IF(O4="SI",15,IF(O4="NO",0,"")) -> 0 | Q4: No esta documentado | R4: SI | S4: =IF(R4="SI",5,IF(R4="NO",0,"")) -> 5 | T4: Área de Comunicaciones | U4: Manual | V4: =IF(U4="Manual",10,IF(U4="Automático",15,"")) -> 10 | W4: SI | X4: =IF(W4="SI",15,IF(W4="NO",0,"")) -> 15 | Y4: Por demanda | Z4: SI | AA4: =IF(Z4="SI",10,IF(Z4="NO",0,"")) -> 10 | AB4: La aprobación se evidencia por correo electrónico | AC4: SI | AD4: =IF(AC4="SI",30,IF(AC4="NO",0,"")) -> 30 | AI4: Emitir comunicado oficial realizando la corrección o alcance del hecho presentado | AJ4: NO | AK4: =IF(AJ4="SI",15,IF(AJ4="NO",0,"")) -> 0 | AL4: No existe | AM4: SI | AN4: =IF(AM4="SI",5,IF(AM4="NO",0,"")) -> 5 | AO4: Área de Comunicaciones | AP4: Manual | AQ4: =IF(AP4="Manual",10,IF(AP4="Automático",15,"")) -> 10 | AR4: NO | AS4: =IF(AR4="SI",15,IF(AR4="NO",0,"")) -> 0 | AT4: No está estandarizada | AU4: SI | AV4: =IF(AU4="SI",10,IF(AU4="NO",0,"")) -> 10 | AW4: Comunicado | AX4: SI | AY4: =IF(AX4="SI",30,IF(AX4="NO",0,"")) -> 30 | BG4: 2 | BH4: Socializar los criterios y lineamientos definidos del control a toda la empresa | BI4: Área de comunicaciones y mercadeo | BJ4: 43466 | BK4: 43800 | BL4: Piezas de comunicación Correos electrónico
P5: =IF(O5="SI",15,IF(O5="NO",0,"")) | S5: =IF(R5="SI",5,IF(R5="NO",0,"")) | V5: =IF(U5="Manual",10,IF(U5="Automático",15,"")) | X5: =IF(W5="SI",15,IF(W5="NO",0,"")) | AA5: =IF(Z5="SI",10,IF(Z5="NO",0,"")) | AD5: =IF(AC5="SI",30,IF(AC5="NO",0,"")) | AK5: =IF(AJ5="SI",15,IF(AJ5="NO",0,"")) | AN5: =IF(AM5="SI",5,IF(AM5="NO",0,"")) | AQ5: =IF(AP5="Manual",10,IF(AP5="Automático",15,"")) | AS5: =IF(AR5="SI",15,IF(AR5="NO",0,"")) | AV5: =IF(AU5="SI",10,IF(AU5="NO",0,"")) | AY5: =IF(AX5="SI",30,IF(AX5="NO",0,"")) | BG5: 3 | BH5: Generar campaña de difusión sobre los lineamientos del manual de marca | BI5: Área de comunicaciones y mercadeo | BJ5: 43466 | BK5: 43800 | BL5: Piezas de comunicación Correos electrónico
P6: =IF(O6="SI",15,IF(O6="NO",0,"")) | S6: =IF(R6="SI",5,IF(R6="NO",0,"")) | V6: =IF(U6="Manual",10,IF(U6="Automático",15,"")) | X6: =IF(W6="SI",15,IF(W6="NO",0,"")) | AA6: =IF(Z6="SI",10,IF(Z6="NO",0,"")) | AD6: =IF(AC6="SI",30,IF(AC6="NO",0,"")) | AK6: =IF(AJ6="SI",15,IF(AJ6="NO",0,"")) | AN6: =IF(AM6="SI",5,IF(AM6="NO",0,"")) | AQ6: =IF(AP6="Manual",10,IF(AP6="Automático",15,"")) | AS6: =IF(AR6="SI",15,IF(AR6="NO",0,"")) | AV6: =IF(AU6="SI",10,IF(AU6="NO",0,"")) | AY6: =IF(AX6="SI",30,IF(AX6="NO",0,"")) | BG6: 4 | BH6: Incorporar políticas de obligatoriedad de controles y pautas de comunicación y manejo de marca. | BI6: Área de comunicaciones y mercadeo | BJ6: 43466 | BK6: 43800 | BL6: Políticas operativas del proceso
P7: =IF(O7="SI",15,IF(O7="NO",0,"")) | S7: =IF(R7="SI",5,IF(R7="NO",0,"")) | V7: =IF(U7="Manual",10,IF(U7="Automático",15,"")) | X7: =IF(W7="SI",15,IF(W7="NO",0,"")) | AA7: =IF(Z7="SI",10,IF(Z7="NO",0,"")) | AD7: =IF(AC7="SI",30,IF(AC7="NO",0,"")) | AK7: =IF(AJ7="SI",15,IF(AJ7="NO",0,"")) | AN7: =IF(AM7="SI",5,IF(AM7="NO",0,"")) | AQ7: =IF(AP7="Manual",10,IF(AP7="Automático",15,"")) | AS7: =IF(AR7="SI",15,IF(AR7="NO",0,"")) | AV7: =IF(AU7="SI",10,IF(AU7="NO",0,"")) | AY7: =IF(AX7="SI",30,IF(AX7="NO",0,"")) | BG7: 5
B8: Gestión de comunicaciones | C8: GESTIÓN | D8: 1. Vocero no autorizado por la entidad. 2. Comunicación no aprobada, ni gestionada por el area de Comunicaciones y Mercadeo 3. Vocero no se apega a los mensajes ni poliitica de comunicación de la entidad. 4. Desconocimiento de los lineamientos en materia de comunicaciones por parte de algún funcionarios. | E8: RGC-21 | F8: Gestión inadecuada del mensaje (vocero, mensaje, mecanismo, receptor). | G8: 1. Crisis de Marca y/o reputación on line. 2. Demandas. 3. Afectar cumplimiento de objetivos estratégicos. 4. Afectar la percepción del servicio. | H8: Probable | I8: 4 | J8: Moderado | K8: 3 | L8: MEDIA | M8: 12 | N8: Protocólo de comunicaciones digital | O8: SI | P8: =IF(O8="SI",15,IF(O8="NO",0,"")) -> 15 | Q8: Protocólo de comunicaciones | R8: SI | S8: =IF(R8="SI",5,IF(R8="NO",0,"")) -> 5 | T8: Subgerencia General | U8: Manual | V8: =IF(U8="Manual",10,IF(U8="Automático",15,"")) -> 10 | W8: SI | X8: =IF(W8="SI",15,IF(W8="NO",0,"")) -> 15 | Y8: Por demanda | Z8: SI | AA8: =IF(Z8="SI",10,IF(Z8="NO",0,"")) -> 10 | AB8: Protocólo | AC8: SI | AD8: =IF(AC8="SI",30,IF(AC8="NO",0,"")) -> 30 | AE8: =(MIN(P8:P12)+MIN(S8:S12)+MIN(V8:V12)+MIN(X8:X12)+MIN(AA8:AA12)+MIN(AD8:AD12)) -> 70 | AF8: =IF(AE8>=76,2,IF(AE8>=51,1,0)) -> 1 | AG8: Posible | AH8: 3 | AI8: Protocolo de comunicaciones: Procedimiento para responder ante una crisis. | AJ8: SI | AK8: =IF(AJ8="SI",15,IF(AJ8="NO",0,"")) -> 15 | AL8: Protocólo de comunicaciones | AM8: SI | AN8: =IF(AM8="SI",5,IF(AM8="NO",0,"")) -> 5 | AO8: Subgerencia General | AP8: Manual | AQ8: =IF(AP8="Manual",10,IF(AP8="Automático",15,"")) -> 10 | AR8: SI | AS8: =IF(AR8="SI",15,IF(AR8="NO",0,"")) -> 15 | AT8: Por demanda | AU8: SI | AV8: =IF(AU8="SI",10,IF(AU8="NO",0,"")) -> 10 | AW8: Protocólo | AX8: SI | AY8: =IF(AX8="SI",30,IF(AX8="NO",0,"")) -> 30 | AZ8: =(MIN(AK8:AK12)+MIN(AN8:AN12)+MIN(AQ8:AQ12)+MIN(AS8:AS12)+MIN(AV8:AV12)+MIN(AY8:AY12)) -> 85 | BA8: =IF(AZ8>=76,2,IF(AZ8>=51,1,0)) -> 2 | BB8: SI | BC8: Insignificante | BD8: 1 | BE8: 3 | BF8: MEDIA | BG8: 1 | BH8: Realizar matriz de comunicaciones Elaborar, aprobar y difundir la matriz con las comunicaciones estratégicas internas y extarnas donde se defina: a. Tema de comunicación (Qué) b. Cuando se debe generar la comunicación c. A quién va dirigido el comunicado d. Cargo autorizado para generar (firmar) el comunicado e. La forma de comunicarse (Medio) | BI8: Área de comunicaciones y mercadeo | BJ8: 43466 | BK8: 43800 | BL8: Matriz de comunicaciones
N9: Revisión y aprobación de comunicaciones comerciales que afecten la marca | O9: NO | P9: =IF(O9="SI",15,IF(O9="NO",0,"")) -> 0 | Q9: No está documentado | R9: SI | S9: =IF(R9="SI",5,IF(R9="NO",0,"")) -> 5 | T9: Área de Comunicaciones | U9: Manual | V9: =IF(U9="Manual",10,IF(U9="Automático",15,"")) -> 10 | W9: SI | X9: =IF(W9="SI",15,IF(W9="NO",0,"")) -> 15 | Y9: Por demanda | AA9: =IF(Z9="SI",10,IF(Z9="NO",0,"")) | AB9: La aprobación se evidencia por correo electrónico | AC9: SI | AD9: =IF(AC9="SI",30,IF(AC9="NO",0,"")) -> 30 | AK9: =IF(AJ9="SI",15,IF(AJ9="NO",0,"")) | AN9: =IF(AM9="SI",5,IF(AM9="NO",0,"")) | AQ9: =IF(AP9="Manual",10,IF(AP9="Automático",15,"")) | AS9: =IF(AR9="SI",15,IF(AR9="NO",0,"")) | AV9: =IF(AU9="SI",10,IF(AU9="NO",0,"")) | AY9: =IF(AX9="SI",30,IF(AX9="NO",0,"")) | BG9: 2 | BH9: Elaborar, revisar y aprobar un procedimiento que defina como se elaboran revisan y emiten las comunicaciones en la Lotería | BI9: Área de comunicaciones y mercadeo | BJ9: 43466 | BK9: 43800 | BL9: Documento metodológico
P10: =IF(O10="SI",15,IF(O10="NO",0,"")) | S10: =IF(R10="SI",5,IF(R10="NO",0,"")) | V10: =IF(U10="Manual",10,IF(U10="Automático",15,"")) | X10: =IF(W10="SI",15,IF(W10="NO",0,"")) | AA10: =IF(Z10="SI",10,IF(Z10="NO",0,"")) | AD10: =IF(AC10="SI",30,IF(AC10="NO",0,"")) | AK10: =IF(AJ10="SI",15,IF(AJ10="NO",0,"")) | AN10: =IF(AM10="SI",5,IF(AM10="NO",0,"")) | AQ10: =IF(AP10="Manual",10,IF(AP10="Automático",15,"")) | AS10: =IF(AR10="SI",15,IF(AR10="NO",0,"")) | AV10: =IF(AU10="SI",10,IF(AU10="NO",0,"")) | AY10: =IF(AX10="SI",30,IF(AX10="NO",0,"")) | BG10: 3 | BH10: Socializar protocolo de comunicaciones | BI10: Área de comunicaciones y mercadeo | BJ10: 43466 | BK10: 43800 | BL10: Piezas de comunicación Correos electrónico
P11: =IF(O11="SI",15,IF(O11="NO",0,"")) | S11: =IF(R11="SI",5,IF(R11="NO",0,"")) | V11: =IF(U11="Manual",10,IF(U11="Automático",15,"")) | X11: =IF(W11="SI",15,IF(W11="NO",0,"")) | AA11: =IF(Z11="SI",10,IF(Z11="NO",0,"")) | AD11: =IF(AC11="SI",30,IF(AC11="NO",0,"")) | AK11: =IF(AJ11="SI",15,IF(AJ11="NO",0,"")) | AN11: =IF(AM11="SI",5,IF(AM11="NO",0,"")) | AQ11: =IF(AP11="Manual",10,IF(AP11="Automático",15,"")) | AS11: =IF(AR11="SI",15,IF(AR11="NO",0,"")) | AV11: =IF(AU11="SI",10,IF(AU11="NO",0,"")) | AY11: =IF(AX11="SI",30,IF(AX11="NO",0,"")) | BG11: 4
P12: =IF(O12="SI",15,IF(O12="NO",0,"")) | S12: =IF(R12="SI",5,IF(R12="NO",0,"")) | V12: =IF(U12="Manual",10,IF(U12="Automático",15,"")) | X12: =IF(W12="SI",15,IF(W12="NO",0,"")) | AA12: =IF(Z12="SI",10,IF(Z12="NO",0,"")) | AD12: =IF(AC12="SI",30,IF(AC12="NO",0,"")) | AK12: =IF(AJ12="SI",15,IF(AJ12="NO",0,"")) | AN12: =IF(AM12="SI",5,IF(AM12="NO",0,"")) | AQ12: =IF(AP12="Manual",10,IF(AP12="Automático",15,"")) | AS12: =IF(AR12="SI",15,IF(AR12="NO",0,"")) | AV12: =IF(AU12="SI",10,IF(AU12="NO",0,"")) | AY12: =IF(AX12="SI",30,IF(AX12="NO",0,"")) | BG12: 5
B13: Gestión de comunicaciones | C13: GESTIÓN | D13: 1. Convocatoria insuficiente. 2. No se invitan a los segmentos de interes. 3. Falta de interés por parte de las partes interesadas. 4. Estrategias no apropiadas | E13: RGC-22 | F13: Bajo cubrimiento en la rendición de cuentas | G13: 1. Desinformación. 2. Desconocimiento en la gestion de la entidad. 3. Incumplimiento a la normatividad. | H13: Probable | I13: 4 | J13: Moderado | K13: 3 | L13: MEDIA | M13: 12 | N13: Se tiene identificadas y caracterizadas las diferentes partes interesadas en la Lotería | O13: NO | P13: =IF(O13="SI",15,IF(O13="NO",0,"")) -> 0 | Q13: Matriz de partes interesadas Pero no se tienen documentados los lineamientos de creación y actualización | R13: SI | S13: =IF(R13="SI",5,IF(R13="NO",0,"")) -> 5 | T13: Oficina de Planeación | U13: Manual | V13: =IF(U13="Manual",10,IF(U13="Automático",15,"")) -> 10 | W13: NO | X13: =IF(W13="SI",15,IF(W13="NO",0,"")) -> 0 | Y13: No está definido | Z13: SI | AA13: =IF(Z13="SI",10,IF(Z13="NO",0,"")) -> 10 | AB13: Matriz de partes interesadas actualizada | AC13: SI | AD13: =IF(AC13="SI",30,IF(AC13="NO",0,"")) -> 30 | AE13: =(MIN(P13:P17)+MIN(S13:S17)+MIN(V13:V17)+MIN(X13:X17)+MIN(AA13:AA17)+MIN(AD13:AD17)) -> 55 | AF13: =IF(AE13>=76,2,IF(AE13>=51,1,0)) -> 1 | AG13: Posible | AH13: 3 | AI13: Evaluar le efectividad de las estrategias de rendición de cuentas y su cubrimiento | AJ13: SI | AK13: =IF(AJ13="SI",15,IF(AJ13="NO",0,"")) -> 15 | AL13: Procedimiento Rendición de cuentas | AM13: SI | AN13: =IF(AM13="SI",5,IF(AM13="NO",0,"")) -> 5 | AO13: Oficina de Planeación | AP13: Manual | AQ13: =IF(AP13="Manual",10,IF(AP13="Automático",15,"")) -> 10 | AR13: SI | AS13: =IF(AR13="SI",15,IF(AR13="NO",0,"")) -> 15 | AT13: Anual | AU13: SI | AV13: =IF(AU13="SI",10,IF(AU13="NO",0,"")) -> 10 | AW13: Informe de rendición de cuentas | AX13: SI | AY13: =IF(AX13="SI",30,IF(AX13="NO",0,"")) -> 30 | AZ13: =(MIN(AK13:AK17)+MIN(AN13:AN17)+MIN(AQ13:AQ17)+MIN(AS13:AS17)+MIN(AV13:AV17)+MIN(AY13:AY17)) -> 85 | BA13: =IF(AZ13>=76,2,IF(AZ13>=51,1,0)) -> 2 | BB13: NO | BC13: Insignificante | BD13: 1 | BE13: 3 | BF13: MEDIA | BG13: 1 | BH13: Documentar los lineamientos para la elñaboración, revisión y difusión de la caracterización de las partes interesadas | BI13: Planeación | BJ13: 43466 | BK13: 43800 | BL13: Documento metodológico
N14: Revisar estrategía de rendición de cuentas | O14: SI | P14: =IF(O14="SI",15,IF(O14="NO",0,"")) -> 15 | Q14: Procedimiento Rendición de cuentas | R14: SI | S14: =IF(R14="SI",5,IF(R14="NO",0,"")) -> 5 | T14: Oficina de Planeación | U14: Manual | V14: =IF(U14="Manual",10,IF(U14="Automático",15,"")) -> 10 | W14: SI | X14: =IF(W14="SI",15,IF(W14="NO",0,"")) -> 15 | Y14: Anual | Z14: SI | AA14: =IF(Z14="SI",10,IF(Z14="NO",0,"")) -> 10 | AB14: Informe de rendición de cuentas | AC14: SI | AD14: =IF(AC14="SI",30,IF(AC14="NO",0,"")) -> 30 | AK14: =IF(AJ14="SI",15,IF(AJ14="NO",0,"")) | AN14: =IF(AM14="SI",5,IF(AM14="NO",0,"")) | AQ14: =IF(AP14="Manual",10,IF(AP14="Automático",15,"")) | AS14: =IF(AR14="SI",15,IF(AR14="NO",0,"")) | AV14: =IF(AU14="SI",10,IF(AU14="NO",0,"")) | AY14: =IF(AX14="SI",30,IF(AX14="NO",0,"")) | BG14: 2 | BH14: Revisar y actualizar el procedimiento de rendición de cuentas con el propósito de fortalecer los controles y definir las frecuencias adecuadas. | BI14: Planeación | BJ14: 43466 | BK14: 43800 | BL14: Documento metodológico
N15: Seguimiento a la implementación del plan de rendición de cuentas | O15: SI | P15: =IF(O15="SI",15,IF(O15="NO",0,"")) -> 15 | Q15: Procedimiento Rendición de cuentas | R15: SI | S15: =IF(R15="SI",5,IF(R15="NO",0,"")) -> 5 | T15: Oficina de Planeación | U15: Manual | V15: =IF(U15="Manual",10,IF(U15="Automático",15,"")) -> 10 | W15: NO | X15: =IF(W15="SI",15,IF(W15="NO",0,"")) -> 0 | Y15: Falta por definir los criterios de la frecuencia en el procedimiento | Z15: SI | AA15: =IF(Z15="SI",10,IF(Z15="NO",0,"")) -> 10 | AB15: Informe de rendición de cuentas | AC15: SI | AD15: =IF(AC15="SI",30,IF(AC15="NO",0,"")) -> 30 | AK15: =IF(AJ15="SI",15,IF(AJ15="NO",0,"")) | AN15: =IF(AM15="SI",5,IF(AM15="NO",0,"")) | AQ15: =IF(AP15="Manual",10,IF(AP15="Automático",15,"")) | AS15: =IF(AR15="SI",15,IF(AR15="NO",0,"")) | AV15: =IF(AU15="SI",10,IF(AU15="NO",0,"")) | AY15: =IF(AX15="SI",30,IF(AX15="NO",0,"")) | BG15: 3
P16: =IF(O16="SI",15,IF(O16="NO",0,"")) | S16: =IF(R16="SI",5,IF(R16="NO",0,"")) | V16: =IF(U16="Manual",10,IF(U16="Automático",15,"")) | X16: =IF(W16="SI",15,IF(W16="NO",0,"")) | AA16: =IF(Z16="SI",10,IF(Z16="NO",0,"")) | AD16: =IF(AC16="SI",30,IF(AC16="NO",0,"")) | AK16: =IF(AJ16="SI",15,IF(AJ16="NO",0,"")) | AN16: =IF(AM16="SI",5,IF(AM16="NO",0,"")) | AQ16: =IF(AP16="Manual",10,IF(AP16="Automático",15,"")) | AS16: =IF(AR16="SI",15,IF(AR16="NO",0,"")) | AV16: =IF(AU16="SI",10,IF(AU16="NO",0,"")) | AY16: =IF(AX16="SI",30,IF(AX16="NO",0,"")) | BG16: 4
P17: =IF(O17="SI",15,IF(O17="NO",0,"")) | S17: =IF(R17="SI",5,IF(R17="NO",0,"")) | V17: =IF(U17="Manual",10,IF(U17="Automático",15,"")) | X17: =IF(W17="SI",15,IF(W17="NO",0,"")) | AA17: =IF(Z17="SI",10,IF(Z17="NO",0,"")) | AD17: =IF(AC17="SI",30,IF(AC17="NO",0,"")) | AK17: =IF(AJ17="SI",15,IF(AJ17="NO",0,"")) | AN17: =IF(AM17="SI",5,IF(AM17="NO",0,"")) | AQ17: =IF(AP17="Manual",10,IF(AP17="Automático",15,"")) | AS17: =IF(AR17="SI",15,IF(AR17="NO",0,"")) | AV17: =IF(AU17="SI",10,IF(AU17="NO",0,"")) | AY17: =IF(AX17="SI",30,IF(AX17="NO",0,"")) | BG17: 5
